 Dungeon Crawl Stone Soup version 0.32-a0-999-gfa1cc04 (webtiles) character file.

Game seed: 4464836280981099016

25370612 stone111 the Petrodigitator (level 27, 199/199 HPs)
             Began as a Gargoyle Earth Elementalist on Apr 24, 2024.
             Was the Champion of Sif Muna.
             Escaped with the Orb
             ... and 15 runes
             ... and 11 gems on Apr 25, 2024!
             The game lasted 08:24:50 (62667 turns).

stone111 the Petrodigitator (GrEE)                 Turns: 62667, Time: 08:24:51

Health: 199/199    AC: 38    Str: 22    XL:     27
Magic:  81/81      EV: 17    Int: 39    God:    Sif Muna [******]
Gold:   11529      SH: 31    Dex: 10    Spells: 2/80 levels left

rFire   + . .        M - +3 Elemental Staff {ele, rElec rF+ rC+ AC+3}
rCold   + + .        p - +8 tower shield {reflect}
rNeg    + + +        D - +4 robe of Folly {Brill Will-∞ Int+8}
rPois   ∞            I - +0 hat of Conscience {Str+5 Slay+2}
rElec   +            n - scarf {harm}
rCorr   +            w - +1 pair of gloves of the Other World {MP+9 Str+3}
SInv    +            H - +2 pair of boots {rampage}
Will    .....        Q - amulet of Vitality {Regen++ RegenMP++}
Stlth   ++           E - ring of the Princess {+Blink rPois rN+ MP+9 Int+3}
HPRegen 2.13/turn    Y - ring of Lethiz {rCorr MP+9 Str+2 SInv}
MPRegen 1.27/turn

%: harm (+30% outgoing, +20% incoming), reflection, clarity, rampage
@: death-form, flying, studying 11 skills
A: vile attack, torment immunity, no potions, flying, sickness immunity, AC +20,
big wings, negative energy resistance 1, electricity resistance, torment
resistance 1, petrification resistance, iridescent scales 1, clarity, screaming
1, weak 1
0: Orb of Zot
}: 15/15 runes: serpentine, barnacled, slimy, silver, golden, iron, obsidian,
icy, bone, abyssal, demonic, glowing, magical, fiery, dark
a: Siphon Essence, Begin Untransformation, Renounce Religion, Evoke Blink,
Channel Magic, Forget Spell, Divine Exegesis


You escaped.
You worshipped Sif Muna.
Sif Muna was exalted by your worship.
You were an undying horror.
You visited 18 branches of the dungeon, and saw 88 of its levels.
You visited Pandemonium 1 time, and saw 12 of its levels.
You visited the Abyss 1 time.
You completed 2 ziggurats, and saw 54 of their levels.
You also visited: Trove, Sewer, Gauntlet, Ice Cave and Volcano.

You collected 17995 gold pieces.
You spent 6466 gold pieces at shops.

Inventory:

Hand Weapons
 M - the +3 Elemental Staff (weapon) {ele, rElec rF+ rC+ AC+3}
   (You found it in a Gauntlet)

   AC+3:      It affects your AC (+3).
   rF+:       It protects you from fire.
   rC+:       It protects you from cold.
   rElec:     It insulates you from electricity.
 O - the +10 morningstar "Eos" {elec, Halo rElec}
   (You found it on level 3 of the Tomb of the Ancients)

   Halo:      It grants its wielder a halo, revealing invisible creatures and
   increasing accuracy against all within it other than the wielder.
   rElec:     It insulates you from electricity.
Missiles
 e - 4 throwing nets (quivered)
Armour
 a - a scarf of invisibility
 h - the +0 pair of gloves of the gadgeteer {Gadgeteer Wandboost ^Fragile}
   (You found it on level 7 of Tartarus)

   Gadgeteer: Your evocable items recharge 30% faster and wands have a 30%
   chance to not spend a charge.
   Wandboost: Your wands are more powerful.
   ^Fragile:  It will be destroyed if unequipped.
 l - the -1 pair of boots of the Curious Leylines {rF+ Will+ Str+3}
   (You found it on level 8 of a ziggurat)

   Str+3:     It affects your strength (+3).
   rF+:       It protects you from fire.
   Will+:     It increases your willpower.
 n - a scarf of harm (worn)
 p - a +8 tower shield of reflection (worn)
 w - the +1 pair of gloves of the Other World (worn) {MP+9 Str+3}
   (You found it on level 21 of a ziggurat)

   Str+3:     It affects your strength (+3).
   MP+9:      It affects your magic capacity (+9).
 y - a +2 robe of willpower
 A - an orb of mayhem
 D - the +4 robe of Folly (worn) {Brill Will-∞ Int+8}
   (You found it on level 24 of a ziggurat)

   Brill:     It increases the power of your magical spells and halves their MP
   cost (rounding up).
   Will-∞: It reduces your willpower to zero.
   Int+8:     It affects your intelligence (+8).
 H - a +2 pair of boots of rampaging (worn)
 I - the +0 hat of Conscience (worn) {Str+5 Slay+2}
   (You bought it in a shop on level 2 of the Vaults)

   Str+5:     It affects your strength (+5).
   Slay+2:    It affects your accuracy & damage with ranged weapons and melee
   (+2).
 W - the orb of Dispater {+Damnation *Corrode AC+5}
   (You took it off Dispater on level 7 of the Iron City of Dis)

   +Damnation: It grants the ability to hurl damnation at the cost of health and
   magic, with strength depending on Evocations skill.
   AC+5:      It affects your AC (+5).
   *Corrode:  It may corrode you when you take damage.
Jewellery
 j - the ring "Riani" {rPois Str+3 Int+6 Dex+4}
   (You bought it in a shop on level 3 of the Depths)

   [ring of intelligence]

   Str+3:     It affects your strength (+3).
   Int+6:     It affects your intelligence (+6).
   Dex+4:     It affects your dexterity (+4).
   rPois:     It protects you from poison.
 E - the ring of the Princess (left hand) {+Blink rPois rN+ MP+9 Int+3}
   (You found it on level 3 of the Shoals)

   [ring of magical power]

   Int+3:     It affects your intelligence (+3).
   rPois:     It protects you from poison.
   rN+:       It protects you from negative energy.
   MP+9:      It affects your magic capacity (+9).
   +Blink:    It lets you blink.
 Q - the amulet of Vitality (around neck) {Regen++ RegenMP++}
   (You bought it in a shop on level 1 of the Snake Pit)

   [amulet of nothing]

   Regen++:   It increases your rate of health regeneration.
   RegenMP++: It increases your rate of magic regeneration.
 U - the ring "Icwaomp" {Will+ rCorr Int+2 SInv}
   (You found it on level 19 of a ziggurat)

   [ring of willpower]

   Int+2:     It affects your intelligence (+2).
   Will+:     It increases your willpower.
   SInv:      It lets you see invisible.
   rCorr:     It protects you from acid and corrosion.
 Y - the ring of Lethiz (right hand) {rCorr MP+9 Str+2 SInv}
   (You found it on level 24 of a ziggurat)

   [ring of magical power]

   Str+2:     It affects your strength (+2).
   MP+9:      It affects your magic capacity (+9).
   SInv:      It lets you see invisible.
   rCorr:     It protects you from acid and corrosion.
Talismans
 s - a talisman of death (active)
Wands
 t - a wand of digging (61)
 u - a wand of quicksilver (140)
 N - a wand of warping (206)
Scrolls
 c - 37 scrolls of fog
 d - 49 scrolls of teleportation
 g - 5 scrolls of poison
 m - a scroll of amnesia
 o - 4 scrolls of revelation
 x - 20 scrolls of immolation
 z - a scroll of torment
 C - 15 scrolls of fear
 F - 10 scrolls of blinking
 S - 4 scrolls of butterflies
Potions
 b - 13 potions of heal wounds
 k - 6 potions of brilliance
 q - 5 potions of haste
 r - 6 potions of curing
 v - 4 potions of magic
 B - 30 potions of mutation
 K - 14 potions of cancellation
 L - 6 potions of invisibility
 P - 5 potions of resistance
 R - 13 potions of attraction
 X - 18 potions of lignification
Miscellaneous
 f - a lightning rod (4/4)
 i - a tin of tremorstones (2/2)
 G - a phantom mirror
 J - 2 +2 figurines of a ziggurat
 T - a sack of spiders
 V - a condenser vane
 Z - a Gell's gravitambourine (2/2)


   Skills:
 O Level 27 Fighting
 - Level 15.0 Staves
 - Level 11.7 Armour
 - Level 18.0 Dodging
 - Level 18.0 Stealth
 O Level 27 Shields
 O Level 27 Spellcasting
 O Level 27 Conjurations
 - Level 10.0 Hexes
 - Level 9.0 Translocations
 O Level 27 Fire Magic
 O Level 27 Ice Magic
 + Level 21.3 Air Magic
 O Level 27 Earth Magic
 - Level 10.0 Alchemy
 - Level 15.0 Invocations
 - Level 18.0 Evocations
 + Level 23.9 Shapeshifting


You had 2 spell levels left.
You knew the following spells:

 Your Spells              Type           Power      Damage    Failure   Level
a - Ozocubu's Armour      Ice            100%       N/A       0%          3
b - Blink                 Tloc           100%       N/A       0%          2
c - Chain Lightning       Conj/Air       89%        3d118     1%          9
d - Lehudib's Crystal Sp  Conj/Erth      92%        10d20     1%          8
e - Maxwell's Capacitive  Air            86%        ∞         1%          8
f - Shatter               Erth           92%        3d66*     1%          9
g - Yara's Violent Unrav  Hex/Alch       57%        3d22      1%          5
h - Permafrost Eruption   Ice/Erth       100%       2x4d21    0%          6
k - Polar Vortex          Ice            92%        12d12*    1%          9
l - Passage of Golubria   Tloc           100%       N/A       1%          4
m - Fire Storm            Conj/Fire      92%        8d23      1%          9
n - Gell's Gavotte        Tloc           55%        2d(36-54) 1%          6

Your spell library contained the following spells:

 Spells                   Type           Power      Damage    Failure   Level
 Apportation              Tloc           100%       N/A       0%          1
 Foxfire                  Conj/Fire      100%       2x1d9     0%          1
 Freeze                   Ice            100%       1d10      0%          1
 Kiss of Death            Conj/Necr      100%       2d13      0%          1
 Magic Dart               Conj           100%       1d8       0%          1
 Sandblast                Erth           100%       2d20      0%          1
 Shock                    Conj/Air       100%       1d9       0%          1
 Slow                     Hex            100%       N/A       0%          1
 Sting                    Conj/Alch      100%       1d9       0%          1
 Ensorcelled Hibernation  Hex/Ice        100%       N/A       0%          2
 Jinxbite                 Hex            100%       N/A       0%          2
 Lesser Beckoning         Tloc           100%       N/A       0%          2
 Mercury Vapours          Alch/Air       100%       N/A       0%          2
 Momentum Strike          Conj/Tloc      100%       3d10      0%          2
 Scorch                   Fire           100%       2d9       0%          2
 Searing Ray              Conj           100%       2d8       0%          2
 Static Discharge         Conj/Air       100%       3-8/arc   0%          2
 Necrotise                Necr           100%       1d9       1%          1
 Summon Small Mammal      Summ           100%       N/A       1%          1
 Call Imp                 Summ           100%       N/A       1%          2
 Confusing Touch          Hex            100%       N/A       0%          3
 Dazzling Flash           Conj/Hex       100%       N/A       0%          3
 Frozen Ramparts          Ice            100%       1d16      0%          3
 Hailstorm                Conj/Ice       100%       3d16      0%          3
 Inner Flame              Hex/Fire       100%       N/A       0%          3
 Mephitic Cloud           Conj/Alch/Air  100%       N/A       0%          3
 Passwall                 Erth           100%       N/A       0%          3
 Sigil of Binding         Hex            100%       N/A       0%          3
 Stone Arrow              Conj/Erth      100%       3d13      0%          3
 Summon Ice Beast         Ice/Summ       100%       N/A       0%          3
 Swiftness                Air            100%       N/A       0%          3
 Tukima's Dance           Hex            100%       N/A       0%          3
 Volatile Blastmotes      Fire/Tloc      100%       2d18      0%          3
 Airstrike                Air            86%        2d(13-29) 0%          4
 Animate Armour           Summ/Erth      100%       N/A       0%          4
 Brom's Barrelling Bould  Conj/Erth      100%       2d11      0%          4
 Flame Wave               Conj/Fire      100%       2d21      0%          4
 Fulminant Prism          Conj/Alch      69%        3d28      0%          4
 Ignite Poison            Fire/Alch      100%       N/A       0%          4
 Iskenderun's Mystic Bla  Conj/Tloc      100%       2d19      (+2d10%     4
 Leda's Liquefaction      Alch/Erth      82%        N/A       0%          4
 Petrify                  Alch/Erth      100%       N/A       0%          4
 Sticky Flame             Fire/Alch      100%       2d15      0%          4
 Summon Blazeheart Golem  Fire/Summ      100%       N/A       0%          4
 Vhi's Electric Charge    Tloc/Air       100%       N/A       0%          4
 Arcjolt                  Conj/Air       89%        1d99      0%          5
 Fireball                 Conj/Fire      92%        3d34      0%          5
 Freezing Cloud           Conj/Ice/Air   100%       6-21      0%          5
 Irradiate                Conj/Alch      69%        3d34      0%          5
 Iskenderun's Battlesphe  Conj           100%       2d15      0%          5
 Lee's Rapid Deconstruct  Erth           92%        3d40*     0%          5
 Metabolic Englaciation   Hex/Ice        82%        N/A       0%          5
 Silence                  Hex/Air        78%        N/A       0%          5
 Bombard                  Conj/Erth      92%        9d15      0%          6
 Conjure Ball Lightning   Conj/Air       89%        3x3d33    0%          6
 Plasma Beam              Fire/Air       100%       2x1d120   0%          6
 Starburst                Conj/Fire      92%        6d23      0%          6
 Magnavolt                Erth/Air       100%       3d34      0%          7
 Orb of Destruction       Conj           78%        9d18      0%          7
 Ozocubu's Refrigeration  Ice            92%        4d27      0%          7
 Call Canine Familiar     Summ           68%        N/A       1%          3
 Fugue of the Fallen      Necr           68%        N/A       1%          3
 Maxwell's Portable Pile  Tloc           100%       2d(15-43) 1%          3
 Teleport Other           Tloc           100%       N/A       1%          3
 Vampiric Draining        Necr           68%        2d10      1%          3
 Anguish                  Hex/Necr       47%        N/A       1%          4
 Cause Fear               Hex            57%        N/A       1%          4
 Dimensional Bullseye     Hex/Tloc       56%        N/A       1%          4
 Olgreb's Toxic Radiance  Alch           100%       N/A       1%          4
 Summon Lightning Spire   Summ/Air       100%       N/A       1%          4
 Alistair's Intoxication  Alch           76%        N/A       1%          5
 Borgnjor's Vile Clutch   Necr/Erth      75%        N/A       1%          5
 Summon Forest            Summ/Tloc      46%        N/A       1%          5
 Summon Mana Viper        Hex/Summ       95%        N/A       1%          5
 Dispersal                Tloc           55%        N/A       1%          6
 Eringya's Noxious Bog    Alch           57%        4d6       1%          6
 Sculpt Simulacrum        Ice/Alch       82%        N/A       1%          6
 Rimeblight               Ice/Necr       75%        2d11      (prim1%     7
 Seismic Cannonade        Alch/Erth      82%        6d24      1%          7
 Spellforged Servitor     Conj/Summ      63%        N/A       1%          7
 Fulsome Fusillade        Conj/Alch      69%        (3-5)d19  1%          8
 Ignition                 Fire           92%        3d23      1%          8
 Animate Dead             Necr           68%        N/A       3%          4
 Dispel Undead            Necr           68%        3d23      3%          4
 Martyr's Knell           Necr/Summ      68%        N/A       3%          4
 Enfeeble                 Hex            57%        N/A       4%          7
 Manifold Assault         Tloc           55%        N/A       7%          7
 Curse of Agony           Necr           68%        N/A       9%          5
 Discord                  Hex            57%        N/A       34%         8
 Malign Gateway           Summ/Tloc      46%        N/A       41%         7
 Death Channel            Necr           34%        N/A       45%         6
 Summon Cactus Giant      Summ           34%        N/A       45%         6
 Disjunction              Tloc           55%        N/A       47%         8
 Haunt                    Necr/Summ      34%        N/A       95%         7
 Monstrous Menagerie      Summ           34%        N/A       95%         7
 Summon Hydra             Summ           34%        N/A       95%         7
 Borgnjor's Revivificati  Necr           34%        N/A       100%        8
 Infestation              Necr           34%        N/A       100%        8
 Summon Horrible Things   Summ           34%        N/A       100%        8
 Death's Door             Necr           34%        N/A       100%        9
 Dragon's Call            Summ           34%        N/A       100%        9


Dungeon Overview and Level Annotations

Branches:
Dungeon (15/15)            Temple (1/1) D:6            Lair (5/5) D:8
 Shoals (4/4) Lair:2        Snake (4/4) Lair:3        Slime (5/5) Lair:4
    Orc (2/2) D:10            Elf (3/3) Orc:2        Vaults (5/5) D:13
  Crypt (3/3) Vaults:2       Tomb (3/3) Crypt:3      Depths (4/4) D:15
   Hell (visited)             Dis (7/7) Hell            Geh (7/7) Hell
    Coc (7/7) Hell            Tar (7/7) Hell            Zot (5/5) Depths:4
  Sewer (visited)           IceCv (visited)         Volcano (visited)
Gauntlet (visited)

Altars:
Ashenzari
Cheibriados
Dithmenos
Elyvilon
Fedhas
Gozag
Hepliaklqana
Kikubaaqudgha
Makhleb
Nemelex Xobeh
Okawaru
Qazlal
Ru
Sif Muna
Trog
Uskayaw
Vehumet
Wu Jian
Xom
Yredelemnul
Zin
The Shining One
Beogh
Jiyva
Lugonu

Shops:
D:3 ?   D:6 (!(:   D:7 :   D:13 ?   Orc:1 !:?   Orc:2 (?(:   Elf:2 [=
Snake:1 :==   Vaults:2 [   Depths:3 ==[(

Portals:
Hell: Depths:1 Depths:2 Depths:3 Depths:4
Abyss: Depths:3 Depths:4
Pandemonium: Depths:2

Annotations:
D:14 2 transporters
Zot:3 1 transporter


Innate Abilities, Weirdness & Mutations

You are an undying horror.
Your melee and unarmed attacks drain, slow and weaken victims.
You are immune to unholy pain and torment.
You cannot drink.
You are flying.
You are immune to sickness and miasma.
Your stone body is resilient. (AC +20)
You are immune to poison.
Your large and strong wings let you fly.
You resist negative energy. (rN+)
You are resistant to electric shocks. (rElec)
You are resistant to unholy torment.
You are immune to petrification.
You are partially covered in iridescent scales. (AC +2)
You possess an exceptional clarity of mind.
You occasionally shout uncontrollably at your foes.
You are weak. (Str -2)


Message History

Aiming: Dig
Press: ? - help, Shift-Dir - straight line A rock wall.
This square is covered in magical glow.
The rock shatters into small pieces.
Unknown command.
There is a stone staircase leading up here.
You fly upwards.
There is a stone staircase leading down here.
There is a stone staircase leading up here.
You fly upwards.
An Orb Guardian comes into view.
There is a stone staircase leading down here.
Casting: Shatter (mildly dangerous; 1% risk of failure)
Confirm with . or Enter, or press ? or * to list all spells.
You feel a strong surge of power!
The dungeon rumbles!
You kill the Orb Guardian!
Sif Muna accepts your kill.
Ka-crash!
Unknown command.
There is an escape hatch in the ceiling here.
A mysterious force pulls you upwards. The hatch slams shut behind you.
Unknown command.
Casting: Shatter (mildly dangerous; 1% risk of failure)
Confirm with . or Enter, or press ? or * to list all spells.
You feel a strong surge of power!
The dungeon rumbles!
A door shatters!
Ka-crash!
Unknown command.
Casting: Shatter (mildly dangerous; 1% risk of failure)
Confirm with . or Enter, or press ? or * to list all spells.
You feel a strong surge of power!
The dungeon rumbles!
A door shatters!
Ka-crash!
Unknown command.
There is a staircase leading out of the dungeon here.
You have escaped!

######.#..#..##.#.##..#..#.##.#.#
.......#.###.#ß.#.ß#.###.#.##.#..
#####..#.###.##.#.##.###.#.##.#..
....#..#..#..#ß.#.ß#..#..#.##.#..
###.#..#.....##.#.##.....#.##.#..
#......#######.....####..#.##.#.#
#####.###ß#ß#ß#...#.#ß#..#.##....
........#...............##..###.#
#######.'.###...z...###..........
..# ###................#.####.#
..# #ß#ß#ß#...#..ß....# #... ..#
#######ß...ß#.#..#.# #..# ..#
#.....##.#.##.....# #..# .†###
#..#..#........#..# #..# ....#
#.###.##...2..#.#.# #..# ..#.#
#.###.#..#....###... #..# ..#.#
#..#..#..#.##..#..#.# #..#


You could see a reaper.

Vanquished Creatures
  Cerebov (Pan)
  Asmodeus (Geh:7)
  Ereshkigal (Tar:7)
  Antaeus (Coc:7)
  Dissolution (Slime:2)
  the Royal Jelly (Slime:5)
  Gloorx Vloq (Pan)
  Mnoleg (Pan)
  Ignacio (Pan)
  Lom Lobon (Pan)
  the Serpent of Hell (Tar:7)
  18 dread liches
  Dispater (Dis:7)
  14 ancient liches
  Mennas (Pan)
  8 orbs of fire
  3 juggernauts
  56 royal mummies
  12 shard shrikes
  15 Killer Klowns
  Saint Roka (Vaults:4)
  6 curse toes
  Margery (Depths:1)
  41 caustic shrikes
  Geryon (Hell)
  A caustic shrike (shapeshifter) (Zig:12)
  Nikola (Shoals:3)
  27 profane servitors
  16 golden dragons
  15 pearl dragons
  26 bone dragons
  16 Brimstone Fiends
  11 iron giants
  27 starcursed masses
  8 doom hounds
  30 Tzitzimimeh
  Jorgrun (D:12)
  A spectral shard shrike (Tar:3)
  10 electric golems
  9 hellephants
  Rupert (D:12)
  22 tentacled monstrosities
  24 Orb Guardians
  31 titans
  25 Ice Fiends
  A sphinx (shapeshifter) (Zig:4)
  67 acid blobs
  29 tainted leviathans
  3 deep elf blademasters
  13 liches
  Asterion (Vaults:1)
  A quicksilver dragon (shapeshifter) (Zig:12)
  40 Hell Sentinels
  6 deep elf master archers
  14 searing wretches
  20 Executioners
  7 walking frostbound tomes
  8 quicksilver dragons
  24 sphinxes
  16 pandemonium lords
  28 tentacled starspawn
  55 ancient champions
  7 death cobs
  9 tengu reavers
  An eldritch tentacle (Pan)
  3 thorn hunters
  12 shadow dragons
  25 storm dragons
  10 fenstrider witches
  14 revenants
  5 nagarajas
  Aizul (Snake:2)
  25 narguns
  35 rockslimes
  Roxanne (Shoals:2)
  30 draconian monks
  3 demonspawn warmongers
  7 iron dragons
  Ilsuiw (Shoals:2)
  26 vault wardens
  44 azure jellies
  17 fire giants
  23 frost giants
  29 daevas
  28 quicksilver elementals
  6 deep elf sorcerers
  A fire giant (shapeshifter) (Zig:12)
  13 protean progenitors
  22 draconian knights
  2 ghost moths
  5 spectral caustic shrikes
  7 spectral juggernauts
  16 angels
  37 draconian scorchers
  The ghost of Teutik the Brawler, a journeyman TrSh of Sif Muna (D:14)
  46 balrugs
  3 deep elf elementalists
  2 juggernaut zombies
  29 draconian shifters
  3 caustic shrike zombies
  Louise (Elf:3)
  26 ironbound preservers
  28 draconian stormcallers
  22 very ugly things
  7 shard shrike simulacra
  14 curse skulls
  31 reapers
  26 draconian annihilators
  6 ghouls
  39 stone giants
  27 orc warlords
  28 cacodemons
  10 formless jellyfish
  5 caustic shrike skeletons
  20 quicksilver oozes
  13 demonspawn blood saints
  9 demonspawn black suns
  2 juggernaut skeletons
  20 demonspawn corrupters
  16 green draconians
  13 ironbound thunderhulks
  11 ophanim
  The ghost of Geiluomn the Eclecticist, a journeyman DECj of Sif Muna (D:15)
  5 vampire knights
  9 deep elf demonologists
  36 war gargoyles
  12 deep elf annihilators
  9 bennus
  22 elemental wellsprings
  14 apis
  15 black draconians
  10 deep elf death magi
  17 wendigos
  2 eleionomae (Zig:26)
  23 dire elephants
  18 purple draconians
  16 red draconians
  22 yellow draconians
  32 putrid mouths
  6 bunyips
  13 lorocyprocas
  A dire elephant (shapeshifter) (Zig:12)
  A minotaur (Gauntlet)
  22 white draconians
  A spectral titan (Zig:10)
  16 eidola
  14 spark wasps
  2 crystal guardians
  31 green deaths
  3 spectral krakens (Tar:7)
  An elf zombie (Crypt:1)
  14 ettins
  31 blizzard demons
  21 yaktaur captains
  8 fire dragons
  7 deep elf high priests
  8 merfolk javelineers
  A spectral iron giant (Tar:4)
  6 entropy weavers
  9 jiangshi
  46 mummy priests
  4 spectral spriggans
  66 iron golems
  5 shambling mangroves
  A quicksilver dragon zombie (Crypt:3)
  15 great orbs of eyes
  11 merfolk impalers
  4 spriggan zombies
  12 hydras
  Erolcha (D:12)
  Fannar (Lair:1)
  12 spriggan air magi
  2 quicksilver dragon skeletons
  4 peacekeepers
  A spectral shadow dragon (Tar:1)
  6 rakshasas
  15 salamander tyrants
  7 merfolk avatars
  4 ogre magi
  A ghost crab (Zig:6)
  32 vault guards
  10 caustic shrike simulacra
  8 hell beasts
  6 ice dragons
  3 ironbound frosthearts
  2 juggernaut simulacra
  A radroach (Pan)
  6 catoblepae
  21 merfolk aquamancers
  2 alligator snapping turtles (shapeshifter)
  3 alligator snapping turtles (Shoals:4)
  3 boulder beetles
  2 death knights (Crypt:1)
  4 anacondas
  10 alligators
  23 centaur warriors
  5 spriggan skeletons
  30 dancing weapons
  A two-headed ogre (shapeshifter) (Zig:4)
  9 deep troll earth magi
  89 death scarabs
  10 death yaks
  10 satyrs
  2 spectral dire elephants
  5 deep troll shamans
  7 vampire magi
  5 two-headed ogres
  7 demonic crawlers
  5 stokers
  5 tengu warriors
  45 hell hogs
  46 orc high priests
  14 shock serpents
  A titan zombie (Crypt:3)
  19 naga sharpshooters
  25 naga warriors
  2 occultists
  22 thrashing horrors
  2 spriggan berserkers
  25 hell knights
  3 titan skeletons
  A shock serpent (shapeshifter) (Vaults:5)
  27 deep elf knights
  46 sun demons
  24 crystal echidnas
  34 soul eaters
  2 spriggans
  26 wretched stars
  A storm dragon zombie (Zig:17)
  26 sixfirhies
  2 fire crabs
  A hellephant skeleton (Pan)
  An iron troll (shapeshifter) (Zig:12)
  9 skysharks
  6 salamander mystics
  A storm dragon skeleton (Zig:23)
  A fire crab (shapeshifter) (Zig:14)
  21 sea snakes
  11 shadow wraiths
  2 spectral bunyips (Tar:1)
  A death drake (Zig:11)
  8 deep elf archers
  12 glowing orange brains
  A golden dragon zombie (Crypt:3)
  3 swamp dragons
  29 skeletal warriors
  A spectral anaconda (Tar:4)
  18 cherubim
  66 deep trolls
  16 iron trolls
  3 quicksilver dragon simulacra
  A spatial maelstrom (Zig:21)
  2 orb spiders (shapeshifter)
  2 anaconda zombies
  7 orange crystal statues
  8 arcanists
  A mana viper (shapeshifter) (Zig:14)
  7 flayed ghosts
  9 spriggan simulacra
  2 shadow dragon zombies
  3 spriggan druids
  8 naga ritualists
  17 ironbound convokers
  2 kraken simulacra
  21 lindwurms
  A spectral hydra (Tar:4)
  4 anaconda skeletons
  9 sun moths
  3 bog bodies (Crypt:2)
  19 shadow demons
  10 mana vipers
  A steelbarb worm (Zig:4)
  8 obsidian statues
  A thermic dynamo (Elf:3)
  31 orc knights
  A golden dragon skeleton (Zig:23)
  6 obsidian bats
  2 tengu zombies
  14 harpies
  5 fire giant zombies
  32 phantasmal warriors
  29 necromancers
  28 deep elf pyromancers
  2 alligator zombies
  2 shadow dragon skeletons
  34 orc sorcerers
  25 ugly things
  29 deep elf zephyrmancers
  9 fauns
  22 salamanders
  3 frost giant zombies (Tar:2)
  12 shining eyes
  12 cyclopes
  39 moths of wrath
  2 spectral ettins (Tar:1)
  3 iron dragon zombies
  2 tengu skeletons (Zig:23)
  A stone giant zombie (Crypt:1)
  Maurice (Orc:2)
  An alligator skeleton (Hell)
  A moth of wrath (shapeshifter) (Zig:14)
  A cyclops (shapeshifter) (Zig:12)
  A salamander (shapeshifter) (Zig:12)
  2 worldbinders
  3 iron dragon skeletons
  7 will-o-the-wisps
  16 manticores
  2 frost giant skeletons
  2 fire giant skeletons
  21 kobold blastminers
  10 merfolk sirens
  3 dire elephant zombies
  16 water nymphs
  2 centaur zombies
  8 elephants
  4 Executioner simulacra (Pan)
  2 guardian serpents (shapeshifter) (Vaults:5)
  18 ice statues
  29 black mambas
  9 rust devils
  29 naga magi
  5 apocalypse crabs
  6 guardian serpents
  2 naga zombies
  A torpor snail (shapeshifter) (Zig:19)
  3 titan simulacra
  22 vault sentinels
  9 molten gargoyles
  A gargoyle (D:11)
  14 eyes of devastation
  A cane toad (shapeshifter) (Zig:14)
  38 smoke demons
  40 large abominations
  A green draconian zombie (Crypt:1)
  A dire elephant skeleton (Crypt:1)
  27 orange demons
  A naga skeleton (Crypt:3)
  52 hellions
  9 cane toads
  5 efreet
  A storm dragon simulacrum (Coc:1)
  41 tormentors
  8 rime drakes
  7 spectral swamp worms (Tar:7)
  An alligator snapping turtle skeleton (Crypt:3)
  33 yaktaurs
  A catoblepas zombie (Tomb:2)
  A bunyip simulacrum (Coc:2)
  A golden dragon simulacrum (Vaults:5)
  4 spectral nagas
  11 ice devils
  6 komodo dragons
  5 silent spectres
  A black draconian skeleton (Crypt:1)
  9 anaconda simulacra
  A death yak skeleton (Crypt:2)
  16 freezing wraiths
  5 iron giant simulacra
  4 harpy zombies
  2 tengu conjurers (Depths:3)
  8 red devils
  85 guardian mummies
  5 spectral harpies
  17 trolls
  A bloated husk (Zig:11)
  22 merfolk
  13 wind drakes
  2 polar bears
  7 hornets
  2 hydra zombies (Hell)
  25 hellwings
  2 tyrant leeches
  Grinder (D:4)
  16 ancient zymes
  A tengu simulacrum (Zig:23)
  Prince Ribbit (D:8)
  2 tarantellas (Zig:4)
  A merfolk (shapeshifter) (Zig:19)
  21 glass eyes
  2 hydra skeletons (Hell)
  13 blink frogs
  A death drake skeleton (Crypt:2)
  3 dream sheep (Shoals:3)
  A snapping turtle (shapeshifter) (Zig:19)
  13 snapping turtles
  25 raiju
  2 iron dragon simulacra
  2 stone giant simulacra
  A black mamba zombie (Crypt:3)
  142 slime creatures
  12 air elementals
  2 wyverns (Lair:3)
  A slime creature zombie (Crypt:2)
  2 culicivoras
  34 water elementals
  7 dire elephant simulacra
  4 wraiths
  18 ynoxinuls
  A hog (shapeshifter) (D:15)
  5 fire bats
  11 small abominations
  2 shadows
  49 ushabtiu
  A vampire (D:11)
  2 elves (Vaults:4)
  2 basilisks (Lair:3)
  61 yaks
  Eustachio (D:4)
  15 golden eyes
  19 humans
  A warg (shapeshifter) (Elf:2)
  4 death yak simulacra (Shoals:3)
  An alligator snapping turtle simulacrum (Coc:3)
  4 steam dragons
  22 neqoxecs
  A black mamba skeleton (Crypt:3)
  9 redbacks
  14 chaos spawn
  3 sea snake simulacra (Shoals:3)
  15 wargs
  3 vampire mosquitoes (D:13)
  3 swamp worms (Snake:2)
  4 acid dragons
  64 nagas
  2 swamp worms (shapeshifter)
  11 water moccasins
  A glowing shapeshifter zombie (Zig:17)
  13 harpy simulacra
  A hell hound (Zig:21)
  90 orc warriors
  4 swamp drakes
  2 hydra simulacra
  Pargi (Sewer)
  2 ice beasts
  A glowing shapeshifter skeleton (Zig:23)
  2 satyr simulacra (Shoals:3)
  2 sky beasts (D:8)
  3 ettin simulacra
  33 laughing skulls
  A black bear (D:8)
  30 ogres
  5 wolves (Lair:4)
  12 centaurs
  4 boggarts
  5 kobold brigands
  12 brain worms
  A komodo dragon zombie (Crypt:1)
  2 gnoll sergeants
  3 scorpions
  9 earth elementals
  14 bullfrogs
  2 naga simulacra
  An elf skeleton (Crypt:2)
  A faun simulacrum (Shoals:3)
  A merfolk simulacrum (Shoals:3)
  5 wights
  5 wyvern skeletons (Crypt:3)
  20 killer bees
  3 lindwurm simulacra (IceCv)
  A manticore simulacrum (Shoals:3)
  4 snapping turtle simulacra (Shoals:3)
  9 howler monkeys
  5 electric eels
  A crimson imp (Abyss:4)
  3 bombardier beetles
  3 jellies
  3 quasits (Abyss:4)
  8 komodo dragon simulacra (IceCv)
  A hound (D:6)
  33 orc priests
  A gnoll bouda (D:8)
  An iron imp (Abyss:3)
  3 cyclops simulacra (Shoals:3)
  A sleepcap (D:7)
  A black bear skeleton (Crypt:1)
  4 hell rats (Hell)
  3 iguanas
  29 orc wizards
  3 centaur simulacra
  126 mummies
  6 acid dragon simulacra (IceCv)
  12 gnolls
  4 adders
  3 shadow imps
  4 white imps
  4 steam dragon simulacra (IceCv)
  4 dart slugs
  2 ribbon worms
  58 orcs
  5 bats
  6 endoplasms
  7 giant cockroaches
  4 goblins
  4 hobgoblins (D:1)
  7 jackals
  6 quokkas
  A ball python (D:3)
  10 frilled lizards
  A jackal skeleton (Crypt:2)
  27 kobolds
  2 rats (D:2)
  23 aspiring fleshes
  6 ball lightnings (Pan)
  10 creeping infernos
  157 fire vortices
  2 lurking horrors
  11 starspawn tentacles
  4 tentacles (Tar:7)
6220 creatures vanquished.

Vanquished Creatures (collateral kills)
  2 dread liches
  An ancient lich (Zig:20)
  A juggernaut (Zig:26)
  A pandemonium lord (Zig:14)
  11 royal mummies
  A shard shrike (Zig:23)
  5 golden dragons (Zig:26)
  6 pearl dragons (Zig:24)
  3 Brimstone Fiends
  An electric golem (Zig:25)
  A Tzitzimitl (Zig:13)
  An iron giant (Zig:27)
  5 Hell Sentinels
  A tainted leviathan (Zig:8)
  4 Ice Fiends
  A tentacled monstrosity (Zig:26)
  A lich (Zig:27)
  A walking frostbound tome (Zig:23)
  2 deep elf master archers (Zig:24)
  17 acid blobs
  A sphinx (Zig:12)
  A storm dragon (shapeshifter) (Zig:12)
  A tengu reaver (Zig:19)
  3 storm dragons (Zig:25)
  2 draconian monks
  2 demonspawn warmongers
  2 rockslimes
  6 azure jellies
  6 daevas
  A frost giant (Zig:23)
  A fire giant (Zig:14)
  A fire giant (shapeshifter) (Zig:12)
  3 draconian knights
  A draconian shifter (Zig:25)
  6 orc warlords
  2 draconian scorchers
  5 balrugs
  4 draconian annihilators
  A cacodemon (Zig:16)
  An angel (Zig:8)
  A demonspawn corrupter (Zig:14)
  A vault warden (Zig:14)
  A caustic shrike skeleton (Zig:23)
  An ironbound preserver (Zig:14)
  3 ophanim
  4 quicksilver oozes
  A demonspawn blood saint (Zig:16)
  A formless jellyfish (shapeshifter) (Zig:12)
  2 ironbound thunderhulks (Zig:25)
  5 stone giants
  A very ugly thing (Zig:12)
  A demonspawn black sun (Zig:16)
  3 formless jellyfish
  2 apis
  A vampire knight (Zig:20)
  A green draconian (Zig:25)
  A purple draconian (Zig:25)
  3 black draconians
  2 eleionomae (Zig:11)
  A spark wasp (Zig:25)
  A lorocyproca (Zig:17)
  2 bunyips
  2 yellow draconians
  An ettin (Zig:14)
  5 blizzard demons
  A green death (Zig:26)
  A quicksilver dragon zombie (Zig:23)
  2 mummy priests
  A yaktaur captain (Zig:14)
  A spriggan zombie (Zig:23)
  2 great orbs of eyes
  A hydra (Zig:26)
  A sphinx zombie (Zig:23)
  2 spriggan air magi
  A spectral frost giant (Zig:8)
  A satyr (Zig:24)
  2 ironbound frosthearts (Zig:23)
  A two-headed ogre (Zig:11)
  3 orc high priests (Zig:19)
  3 vampire magi (Zig:20)
  A death scarab (Zig:23)
  A shock serpent (Zig:25)
  2 thrashing horrors (Zig:27)
  2 sun demons
  A storm dragon zombie (Zig:23)
  A naga sharpshooter (Zig:24)
  3 wretched stars (Zig:17)
  An iron troll (Zig:26)
  A skyshark (Zig:7)
  2 sixfirhies (Zig:13)
  A storm dragon skeleton (Zig:17)
  2 shadow wraiths (Zig:20)
  A spatial maelstrom (Zig:27)
  3 glowing orange brains
  3 cherubim
  A lindwurm (Vaults:1)
  2 spriggan simulacra (Zig:23)
  A golden dragon zombie (Zig:23)
  A swamp dragon (Zig:11)
  2 phantasmal warriors
  2 obsidian bats (Zig:11)
  2 tengu skeletons (Zig:17)
  A steelbarb worm (Zig:4)
  2 tengu zombies (Zig:23)
  A will-o-the-wisp (Zig:9)
  4 orc sorcerers
  7 shining eyes
  An iron dragon zombie (Zig:23)
  An orc knight (Zig:19)
  A worldbinder (Zig:21)
  2 cyclopes
  3 moths of wrath
  A kobold blastminer (Zig:24)
  A merfolk siren (Zig:13)
  4 eyes of devastation
  3 cane toads (Lair:2)
  2 water nymphs (Shoals:2)
  An apocalypse crab (Zig:17)
  A large abomination (Zig:21)
  2 yaktaurs
  An efreet (Zig:9)
  2 ancient zymes (Zig:17)
  2 guardian mummies
  2 merfolk
  A silent spectre (Zig:10)
  2 glass eyes
  A wind drake (Lair:2)
  2 hornets
  18 slime creatures
  A ynoxinul (Zig:15)
  A yak (shapeshifter) (Zig:9)
  An ushabti (Zig:17)
  2 golden eyes (Zig:15)
  2 wargs
  4 orc warriors
  2 ogres
  A laughing skull (Zig:21)
  A glowing shapeshifter simulacrum (Zig:23)
  3 orc wizards (Zig:11)
  7 mummies
  An aspiring flesh (Zig:5)
  3 fire vortices (Zig:27)
320 creatures vanquished.

Vanquished Creatures (others)
  A seraph (Zig:24)
  A dread lich (Zig:27)
  3 juggernauts
  4 royal mummies
  2 shard shrikes (Zig:23)
  A caustic shrike (Zig:27)
  A pandemonium lord (Pan)
  A golden dragon (Zig:26)
  A profane servitor (Zig:17)
  3 pearl dragons
  A Brimstone Fiend (Zig:13)
  An iron giant (Zig:27)
  2 Tzitzimimeh
  2 Ice Fiends (Zig:23)
  A Hell Sentinel (Zig:27)
  2 titans
  2 walking frostbound tomes (Pan)
  6 acid blobs
  An Executioner (Zig:21)
  A tengu reaver (Zig:19)
  2 daevas (Zig:24)
  4 draconian knights
  2 draconian monks
  A draconian shifter (Zig:25)
  A balrug (Zig:13)
  A draconian scorcher (Zig:18)
  2 angels (Zig:24)
  2 draconian stormcallers (Zig:25)
  4 orc warlords
  A cacodemon (Zig:15)
  A demonspawn corrupter (Zig:13)
  A quicksilver ooze (Zig:20)
  A demonspawn blood saint (Zig:13)
  A draconian annihilator (Zig:22)
  2 ironbound thunderhulks (Zig:25)
  4 stone giants
  An apis (Zig:24)
  An ophan (Zig:24)
  A bennu (Zig:23)
  A black draconian (Zig:25)
  2 white draconians
  A yellow draconian (Zig:25)
  A red draconian (Zig:18)
  2 starcursed masses
  A spark wasp (Zig:25)
  3 blizzard demons
  A ghost crab (Zig:11)
  A hydra (Zig:11)
  A juggernaut simulacrum (Coc:7)
  A great orb of eyes (Zig:21)
  3 orc high priests
  A thrashing horror (Zig:27)
  A soul eater (Zig:20)
  An iron troll (Zig:26)
  A flayed ghost (Zig:20)
  A shadow demon (Zig:15)
  2 cyclopes
  A shining eye (Zig:20)
  A manticore (Zig:13)
  A will-o-the-wisp (Zig:11)
  A moth of wrath (Zig:26)
  A kobold blastminer (Zig:24)
  A smoke demon (Zig:21)
  A torpor snail (shapeshifter) (Zig:27)
  A cane toad (Zig:7)
  2 ancient zymes (Zig:27)
  2 yaktaurs (Zig:24)
  2 tyrant leeches (Zig:11)
  A hellwing (Zig:16)
  4 slime creatures
  A ynoxinul (Pan)
  3 yaks
  A warg (Zig:26)
  A neqoxec (Zig:27)
  2 water moccasins
  An orc warrior (Zig:11)
  A bullfrog (D:7)
  A killer bee (D:8)
  An orc (D:7)
  A creeping inferno (Geh:4)
  179 fire vortices
  2 foxfires (Zig:9)
  19 starspawn tentacles
  9 tentacles (Tar:7)
336 creatures vanquished.

Grand Total: 6876 creatures vanquished

Notes
Turn   | Place    | Note
-------+----------+-------------------------------------------
     0 | D:1      | stone111 the Gargoyle Earth Elementalist began the quest
                  | for the Orb.
     0 | D:1      | Reached XP level 1. HP: 10/10 MP: 3/3
   234 | D:1      | Reached XP level 2. HP: 15/15 MP: 3/5
   715 | D:1      | You are sucked into a shaft and drop 1 floor!
   884 | D:2      | Reached XP level 3. HP: 19/19 MP: 4/6
   885 | D:2      | Reached skill level 5 in Earth Magic
  1084 | D:2      | Learned a level 3 spell: Stone Arrow
  1456 | D:3      | Reached XP level 4. HP: 24/24 MP: 5/7
  1622 | D:3      | Found Tadgh's Magic Scroll Emporium.
  1658 | D:3      | Bought a scroll of teleportation for 33 gold pieces
  1658 | D:3      | Bought a scroll of identify for 22 gold pieces
  1658 | D:3      | Bought a scroll of fog for 44 gold pieces
  1683 | D:3      | Found a snail-covered altar of Cheibriados.
  1812 | D:3      | Reached XP level 5. HP: 28/28 MP: 6/8
  2177 | D:3      | Bought a scroll of identify for 22 gold pieces
  2238 | D:4      | Learned a level 3 spell: Passwall
  2255 | D:4      | Reached XP level 6. HP: 31/32 MP: 6/9
  2492 | D:4      | Noticed Grinder
  2497 | D:4      | Killed Grinder
  2498 | D:4      | Reached XP level 7. HP: 22/36 MP: 3/10
  2665 | D:4      | Noticed Eustachio
  2674 | D:4      | Killed Eustachio
  2675 | D:4      | Reached skill level 1 in Fighting
  2851 | D:4      | Reached skill level 1 in Alchemy
  2897 | D:5      | Entered Level 5 of the Dungeon
  3086 | D:5      | Reached XP level 8. HP: 46/46 MP: 7/12
  3217 | D:5      | Identified the +3 chain mail "Bepapp" {rPois rC+ Str+4}
  3489 | D:6      | Found Anka's Antique Weapon Boutique.
  3525 | D:6      | Found a glowing drain.
  3562 | Sewer    | Entered a sewer
  3607 | Sewer    | Noticed Pargi
  3618 | Sewer    | Killed Pargi
  3724 | D:6      | Found Esuseufie's Distillery.
  3727 | D:6      | Bought a potion of heal wounds for 65 gold pieces
  3727 | D:6      | Bought a potion of curing for 39 gold pieces
  3727 | D:6      | Bought a potion of brilliance for 52 gold pieces
  3733 | D:6      | Found Fummaceg's Weapon Boutique.
  3771 | D:6      | Got the Octavo of Mustering
  3774 | D:6      | Found a staircase to the Ecumenical Temple.
  3783 | Temple   | Entered the Ecumenical Temple
  3796 | Temple   | Became a worshipper of Sif Muna the Loreminder
  3835 | D:6      | Found Besuob Zehe's Book Shoppe.
  3953 | D:7      | Found Ikhuggim's Self-Published Books.
  4095 | D:7      | HP: 2/46 [orc warrior/arrow (10)]
  4099 | D:7      | Reached XP level 9. HP: 23/50 MP: 6/15
  4154 | D:7      | Reached skill level 10 in Earth Magic
  4208 | D:7      | Reached skill level 5 in Spellcasting
  4332 | D:8      | Noticed an elephant
  4341 | D:8      | Reached skill level 1 in Invocations
  4575 | D:8      | Learned a level 5 spell: Lee's Rapid Deconstruction
  4580 | D:8      | Learned a level 4 spell: Leda's Liquefaction
  4603 | D:8      | Reached * piety under Sif Muna
  4623 | D:8      | Killed an elephant
  4624 | D:8      | Reached skill level 5 in Stealth
  4631 | D:8      | Reached skill level 5 in Alchemy
  4631 | D:8      | Reached XP level 10. HP: 19/58 MP: 6/17
  4767 | D:8      | Reached skill level 5 in Fighting
  4782 | D:8      | Noticed an elephant
  4798 | D:8      | Killed an elephant
  4808 | D:8      | Found a staircase to the Lair.
  4851 | D:8      | Reached skill level 5 in Invocations
  4867 | D:8      | Noticed Prince Ribbit
  4869 | D:8      | Killed Prince Ribbit
  5047 | D:8      | Reached ** piety under Sif Muna
  5090 | Lair:1   | Entered Level 1 of the Lair of Beasts
  5098 | Lair:1   | Learned a level 4 spell: Olgreb's Toxic Radiance
  5127 | Lair:1   | Reached XP level 11. HP: 25/63 MP: 10/21
  5401 | Lair:2   | Noticed a manticore
  5415 | Lair:2   | Killed a manticore
  5422 | Lair:2   | Found a staircase to the Shoals.
  5678 | Lair:3   | Learned a level 4 spell: Petrify
  5700 | Lair:3   | Found a staircase to the Snake Pit.
  5870 | Lair:4   | Found a viscous altar of Jiyva.
  5870 | Lair:4   | Found a staircase to the Slime Pits.
  5946 | Lair:4   | Noticed a skyshark
  5966 | Lair:5   | Entered Level 5 of the Lair of Beasts
  5974 | Lair:5   | Reached *** piety under Sif Muna
  6248 | Lair:5   | Noticed a death yak
  6261 | Lair:5   | Reached XP level 12. HP: 59/68 MP: 7/24
  6278 | Lair:5   | Killed a death yak
  6311 | Lair:5   | Noticed a skyshark
  6329 | Lair:5   | Killed a skyshark
  6434 | Lair:5   | Reached skill level 1 in Ice Magic
  6451 | Lair:5   | Noticed a skyshark
  6460 | Lair:5   | Killed a skyshark
  6913 | Lair:5   | Noticed a catoblepas
  6924 | Lair:5   | Killed a catoblepas
  6968 | Lair:5   | Reached skill level 15 in Earth Magic
  6991 | Lair:5   | Noticed a death yak
  6999 | Lair:5   | Noticed a catoblepas
  7019 | Lair:5   | Killed a death yak
  7019 | Lair:5   | Reached **** piety under Sif Muna
  7020 | Lair:5   | Killed a catoblepas
  7021 | Lair:5   | Reached XP level 13. HP: 21/76 MP: 13/25
  7043 | Lair:5   | HP: 2/76 [manticore/volley of spikes (14)]
  7233 | Lair:5   | Got an earthy gem with 1501 turns to spare
  7659 | Lair:4   | Reached skill level 5 in Ice Magic
  7738 | Lair:4   | Learned a level 6 spell: Permafrost Eruption
  9095 | Lair:2   | HP: 2/79 [death yak (14)]
  9583 | Lair:1   | Noticed Fannar
  9598 | Lair:1   | Killed Fannar
  9645 | Lair:1   | Found a hide-covered altar of Uskayaw.
  9645 | Lair:1   | Found an ornate altar of the Wu Jian Council.
  9941 | Lair:1   | Gained mutation: Your large and strong wings let you fly.
                  | [Gargoyle growth]
  9941 | Lair:1   | Reached XP level 14. HP: 84/84 MP: 17/27
 10660 | D:9      | Reached ***** piety under Sif Muna
 11008 | D:10     | Entered Level 10 of the Dungeon
 11350 | D:10     | Found a staircase to the Orcish Mines.
 11749 | Orc:1    | Entered Level 1 of the Orcish Mines
 11753 | Orc:1    | Found Sec Amp's Magic Scroll Shop.
 11753 | Orc:1    | Noticed an orc warlord
 11769 | Orc:1    | Killed an orc warlord
 11941 | Orc:1    | Reached skill level 1 in Armour
 12091 | Orc:1    | Bought a scroll of silence for 133 gold pieces
 12091 | Orc:1    | Identified a scroll of acquirement
 12097 | Orc:1    | Acquired the staff of Certain Death {rPois rC+ Int+2 Earth}
 12183 | Orc:1    | Found Attymm's Book Shop.
 12257 | Orc:2    | Entered Level 2 of the Orcish Mines
 12257 | Orc:2    | Found a gate leading to a gauntlet.
 12294 | Orc:2    | Received a gift from Sif Muna
 12304 | Orc:2    | Found a staircase to the Elven Halls.
 12354 | Orc:2    | Found a dark tunnel.
 12419 | Volcano  | Entered a volcano
 12588 | Gauntlet | Entered a Gauntlet
 12588 | Gauntlet | Found a transporter.
 12597 | Gauntlet | Found a runed translucent door.
 12597 | Gauntlet | Found a transporter.
 12612 | Gauntlet | Found a runed translucent door.
 12613 | Gauntlet | Found the +3 Elemental Staff {ele, rElec rF+ rC+ AC+3}
 12614 | Gauntlet | Found a transporter.
 12618 | Gauntlet | Found a transporter.
 12639 | Gauntlet | Found a transporter.
 12652 | Gauntlet | Found a transporter.
 12655 | Gauntlet | Noticed a reaper
 12665 | Gauntlet | Found a transporter.
 12692 | Gauntlet | Found a transporter.
 12692 | Gauntlet | Found a transporter.
 12698 | Gauntlet | Found a transporter.
 12731 | Gauntlet | Found a transporter.
 12731 | Gauntlet | Found a transporter.
 12788 | Gauntlet | Reached skill level 10 in Fighting
 12892 | Gauntlet | Identified the ring of Ucegaroch {Fly rF+ Dex+2}
 13204 | Orc:2    | Noticed Maurice
 13212 | Orc:2    | Killed Maurice
 13237 | Orc:2    | Found a roughly hewn altar of Beogh.
 13376 | Orc:2    | Reached skill level 10 in Ice Magic
 13376 | Orc:2    | Reached XP level 15. HP: 64/92 MP: 2/28
 13423 | Orc:2    | Found Acaghemn's Antique Weapon Boutique.
 13423 | Orc:2    | Found Moylagra's Book Emporium.
 13425 | Orc:2    | Found Jeozuec's Magic Scroll Emporium.
 13425 | Orc:2    | Found Suesabb's Antique Weapon Boutique.
 13467 | Orc:2    | Bought a scroll of blinking for 127 gold pieces
 13467 | Orc:2    | Bought a scroll of identify for 34 gold pieces
 13467 | Orc:2    | Bought a scroll of enchant armour for 127 gold pieces
 13467 | Orc:2    | Bought a scroll of identify for 34 gold pieces
 13467 | Orc:2    | Bought a scroll of teleportation for 51 gold pieces
 13467 | Orc:2    | Bought a scroll of teleportation for 51 gold pieces
 13645 | Orc:2    | Bought a book of the Moon for 520 gold pieces
 13706 | Orc:1    | Found Voipn's Distillery.
 13709 | Orc:1    | Bought a potion of ambrosia for 136 gold pieces
 13722 | Orc:1    | Bought a potion of mutation for 136 gold pieces
 13722 | Orc:1    | Bought a potion of magic for 136 gold pieces
 13722 | Orc:1    | Bought a potion of heal wounds for 85 gold pieces
 13722 | Orc:1    | Bought a potion of haste for 170 gold pieces
 13722 | Orc:1    | Bought a potion of brilliance for 68 gold pieces
 13722 | Orc:1    | Bought a potion of brilliance for 68 gold pieces
 13722 | Orc:1    | Bought a potion of invisibility for 136 gold pieces
 13900 | Orc:1    | Bought a scroll of enchant armour for 105 gold pieces
 13954 | D:11     | Reached ****** piety under Sif Muna
 14072 | D:12     | Received a gift from Sif Muna
 14085 | D:12     | Reached skill level 10 in Spellcasting
 14088 | D:12     | Reached skill level 5 in Dodging
 14128 | D:12     | Got Sif Muna's Volume of Firn and Argyropoeia {god gift}
 14156 | D:12     | Reached skill level 5 in Armour
 14375 | D:13     | Found a frozen archway.
 14390 | IceCv    | Entered an ice cave
 14612 | IceCv    | Identified the ring "Yckux" {rElec rF+ rC+ AC+4}
 14808 | D:13     | Found Plog's Magic Scroll Shoppe.
 14816 | D:13     | Bought a scroll of blinking for 127 gold pieces
 14816 | D:13     | Bought a scroll of teleportation for 51 gold pieces
 14816 | D:13     | Bought a scroll of teleportation for 51 gold pieces
 14816 | D:13     | Bought a scroll of identify for 34 gold pieces
 15156 | D:15     | Entered Level 15 of the Dungeon
 15202 | D:15     | Found a hide-covered altar of Uskayaw.
 15473 | D:15     | Received a gift from Sif Muna
 15476 | D:15     | Got Sif Muna's Guidebook on the Crevasse and Finality {god
                  | gift}
 15478 | D:15     | Found a staircase to the Depths.
 15481 | D:15     | Got a smoky gem with 1137 turns to spare
 15584 | D:15     | Found a runed translucent door.
 15845 | D:13     | Found a gate to the Vaults.
 16172 | D:12     | Noticed Erolcha
 16174 | D:12     | Killed Erolcha
 16179 | D:12     | Reached XP level 16. HP: 97/97 MP: 11/30
 16309 | D:12     | Noticed Rupert
 16311 | D:12     | Killed Rupert
 16352 | D:12     | Noticed Jorgrun
 16371 | D:12     | Killed Jorgrun
 18672 | D:3      | Bought a scroll of teleportation for 33 gold pieces
 18745 | D:6      | Bought a potion of heal wounds for 65 gold pieces
 18745 | D:6      | Bought a potion of haste for 130 gold pieces
 18745 | D:6      | Bought a potion of mutation for 104 gold pieces
 18745 | D:6      | Bought a potion of mutation for 104 gold pieces
 18745 | D:6      | Bought a potion of curing for 39 gold pieces
 18848 | Snake:1  | Entered Level 1 of the Snake Pit
 19189 | Snake:2  | Received a gift from Sif Muna
 19196 | Snake:2  | Got Sif Muna's Book of Tectonic Spectres {god gift}
 19249 | Snake:2  | Noticed a tentacled monstrosity
 19257 | Snake:2  | Noticed a thorn hunter
 19266 | Snake:2  | Killed a thorn hunter
 19282 | Snake:2  | Killed a tentacled monstrosity
 19675 | Snake:4  | Entered Level 4 of the Snake Pit
 19675 | Snake:4  | Noticed a nagaraja
 19677 | Snake:4  | Killed a nagaraja
 19678 | Snake:4  | Reached XP level 17. HP: 104/104 MP: 19/31
 20155 | Snake:4  | Received a gift from Sif Muna
 20156 | Snake:4  | Got Tauguiw's Vademecum on Phlogiston and the Curse {god
                  | gift}
 20842 | Snake:4  | Received a gift from Sif Muna
 20908 | Snake:4  | Got a jade gem with 276 turns to spare
 20910 | Snake:4  | Got a serpentine rune of Zot
 21351 | Snake:3  | Reached XP level 18. HP: 110/110 MP: 23/32
 21640 | Snake:2  | Noticed a tentacled monstrosity
 21646 | Snake:2  | Killed a tentacled monstrosity
 22207 | Snake:2  | Identified the serpent talisman "Cylay" {MP+9 Str+6 Int-3
                  | SInv}
 22207 | Snake:2  | Noticed Aizul
 22212 | Snake:2  | Killed Aizul
 22609 | Snake:1  | Found Owkupn's Book Emporium.
 22609 | Snake:1  | Found Zohaka's Jewellery Boutique.
 22610 | Snake:1  | Found Qaneuhesu's Jewellery Boutique.
 22951 | D:14     | Found a transporter.
 22954 | D:14     | Noticed Teutik's ghost (journeyman TrSh)
 22974 | D:14     | Found a transporter.
 23277 | D:14     | Found a broken altar of Ashenzari.
 23658 | D:14     | Learned a level 9 spell: Shatter
 23667 | D:14     | Killed Teutik's ghost
 23678 | D:14     | Identified the +0 pair of gloves "Zuydduz" {Str+2}
 23742 | D:15     | Received a gift from Sif Muna
 23764 | D:15     | Got Sif Muna's Folio of Meteoric Hypothermia {god gift}
 23996 | D:15     | Identified the +6 trident of Terror {flame, rN+}
 23997 | D:15     | Noticed Geiluomn's ghost (journeyman DECj)
 24007 | D:15     | Killed Geiluomn's ghost
 24244 | D:15     | Learned a level 6 spell: Bombard
 24253 | D:15     | Learned a level 7 spell: Seismic Cannonade
 24450 | Shoals:1 | Entered Level 1 of the Shoals
 24471 | Shoals:2 | Noticed Ilsuiw
 24474 | Shoals:2 | Killed Ilsuiw
 24893 | Shoals:3 | Noticed Nikola
 24899 | Shoals:3 | Killed Nikola
 25023 | Shoals:3 | Found a runed translucent gate.
 25024 | Shoals:3 | Found a runed translucent gate.
 25029 | Shoals:3 | Found a runed translucent gate.
 25034 | Shoals:3 | Received a gift from Sif Muna
 25035 | Shoals:3 | Reached XP level 19. HP: 105/115 MP: 19/37
 25039 | Shoals:3 | Identified the ring of the Princess {+Blink rPois rN+ MP+9
                  | Int+3}
 25041 | Shoals:3 | Identified the +4 chain mail of Seggemei {Stlth+}
 25061 | Shoals:3 | Got Sif Muna's Volume of Mischance and Intoxication {god
                  | gift}
 25079 | Shoals:4 | Entered Level 4 of the Shoals
 25082 | Shoals:4 | Reached skill level 15 in Spellcasting
 25121 | Shoals:4 | Identified the +4 shortbow "Loni" {drain, rPois rC+}
 25137 | Shoals:4 | Paralysed by an air elemental for 1 turns
 25143 | Shoals:4 | Paralysed by an air elemental for 1 turns
 25317 | Shoals:4 | Got a barnacled rune of Zot
 25480 | Shoals:4 | Got an azure gem with 764 turns to spare
 25588 | Shoals:4 | Found a hazy altar of Hepliaklqana.
 25665 | Shoals:4 | Found a snail-covered altar of Cheibriados.
 26442 | Shoals:2 | Noticed Roxanne
 26443 | Shoals:2 | Killed Roxanne
 26451 | Shoals:2 | Received a gift from Sif Muna
 26466 | Shoals:2 | Got Sif Muna's Book of Reagents {god gift}
 27299 | Snake:1  | Bought the amulet of Vitality {Regen++ RegenMP++} for 1300
                  | gold pieces
 27299 | Snake:1  | Found the amulet of Vitality {Regen++ RegenMP++}
 27440 | D:6      | Bought a book of Spatial Translocations for 198 gold pieces
 27443 | D:6      | Learned a level 2 spell: Blink
 27581 | Elf:1    | Entered Level 1 of the Elven Halls
 27663 | Elf:1    | Reached skill level 27 in Earth Magic
 27733 | Elf:1    | Learned a level 5 spell: Lee's Rapid Deconstruction
 27796 | Elf:1    | Found a stormy altar of Qazlal.
 28102 | Elf:2    | Reached XP level 20. HP: 125/125 MP: 18/39
 28103 | Elf:2    | Found Lexomyi's Jewellery Shop.
 28220 | Elf:3    | Entered Level 3 of the Elven Halls
 28263 | Elf:3    | Noticed Louise
 28265 | Elf:3    | Killed Louise
 28433 | Elf:3    | Received a gift from Sif Muna
 28435 | Elf:3    | Got Sif Muna's Dissertation on Earthen Malignant Deeds {god
                  | gift}
 29218 | Elf:3    | Got a shimmering gem with 162 turns to spare
 29226 | Elf:3    | Identified the staff "Asulimnu" {rElec rF+ rN++ Air}
 29235 | Elf:3    | Identified the +4 ring mail of the Devil {+Inv rPois Str-2}
 29236 | Elf:3    | Identified the +3 chain mail of Understanding {Rampage
                  | rCorr Dex-2 Slay+5}
 29238 | Elf:3    | Identified the ring "Mugriatt" {rPois rF- Str+5 Int+6
                  | Stlth+}
 29261 | Elf:3    | Got the Omnibus of the Dark Crucible
 29274 | Elf:3    | Identified the ring of False Pretenses {^Drain rElec Will+
                  | MP+9 SInv}
 29280 | Elf:3    | Identified the +1 robe of Oloe {rPois rC+ Will- Stlth+}
 29296 | Elf:3    | Identified the +2 short sword "Riaxyt" {speed, +Blink Will+
                  | Str-3 Dex+3}
 29458 | Elf:3    | Learned a level 7 spell: Magnavolt
 29560 | Elf:2    | Reached skill level 15 in Fighting
 29576 | Elf:2    | Reached skill level 1 in Air Magic
 29741 | Elf:2    | Found Ifots's Antique Armour Emporium.
 29763 | Elf:2    | Bought a glowing helmet for 262 gold pieces
 29763 | Elf:2    | Bought an embroidered hat for 245 gold pieces
 29899 | Elf:2    | Found a runed translucent gate.
 29920 | Elf:2    | Found a runed translucent gate.
 29921 | Elf:2    | Found a runed translucent gate.
 29974 | Elf:2    | Reached skill level 10 in Invocations
 31026 | Vaults:1 | Entered Level 1 of the Vaults
 31064 | Vaults:1 | Noticed Asterion
 31067 | Vaults:1 | Killed Asterion
 31125 | Vaults:1 | Reached XP level 21. HP: 134/134 MP: 42/42
 31319 | Vaults:1 | Received a gift from Sif Muna
 31344 | Vaults:1 | Got Sif Muna's Reference Book on the Windswept Serac {god
                  | gift}
 31386 | Vaults:1 | Reached skill level 5 in Air Magic
 31621 | Vaults:2 | Found Dashinte's Antique Armour Shoppe.
 31629 | Vaults:2 | Bought a scorched hat for 225 gold pieces
 31629 | Vaults:2 | Identified the +0 hat of Conscience {Str+5 Slay+2} (You
                  | bought it in a shop on level 2 of the Vaults)
 31824 | Vaults:2 | You are sucked into a shaft and drop 1 floor!
 31897 | Vaults:3 | Identified the +0 buckler of the Ego {rElec rF+ Dex+3}
 32104 | Vaults:3 | Received a gift from Sif Muna
 32108 | Vaults:3 | Got Onaqa's Verses on the Singularity and the Discharge
                  | {god gift}
 32400 | Vaults:2 | Bought a glowing orb for 300 gold pieces
 32595 | Vaults:4 | Identified the ring of Kerohy Ocuo {rPois AC+4 Str+4}
 32656 | Vaults:4 | Identified the +5 longbow "Nicaimy" {antimagic, Stlth+}
 32657 | Vaults:4 | Found a portal to a secret trove of treasure.
 32691 | Vaults:4 | Reached XP level 22. HP: 139/142 MP: 43/43
 32785 | Vaults:5 | Entered Level 5 of the Vaults
 32787 | Vaults:5 | Received a gift from Sif Muna
 32788 | Vaults:5 | Got Sif Muna's Book of the Scorpion and the Swarm {god
                  | gift}
 32810 | Vaults:5 | Noticed a dread lich
 32869 | Vaults:5 | Killed a dread lich
 32889 | Vaults:5 | Noticed an ancient lich
 32894 | Vaults:5 | Killed an ancient lich
 32914 | Vaults:5 | Received a gift from Sif Muna
 32915 | Vaults:5 | Got Faras's Compilation of the Overcast Graveyard {god
                  | gift}
 32929 | Vaults:5 | Reached XP level 23. HP: 113/152 MP: 28/45
 33135 | Vaults:5 | Identified the +8 morningstar of the Tent {flame, ^Drain
                  | Str+2 Dex+3 Stlth+}
 33226 | Vaults:5 | Reached skill level 10 in Dodging
 33297 | Vaults:5 | Got Sif Muna's Papyrus of the Boggart
 33646 | Vaults:5 | Found the +7 captain's cutlass {speed, disarm}
 33650 | Vaults:5 | Got a shining gem with 1154 turns to spare
 33653 | Vaults:5 | Got a silver rune of Zot
 33802 | Vaults:5 | Identified the +0 leather armour of Maoloeng {Str+4}
 33977 | Vaults:5 | Identified the +8 falchion of Agoep {venom, rElec Will++
                  | Dex+2}
 34396 | Vaults:4 | Noticed Saint Roka
 34401 | Vaults:4 | Killed Saint Roka
 34696 | Vaults:4 | Received a gift from Sif Muna
 34738 | Vaults:4 | Got Sif Muna's Grimoire of Percussion {god gift}
 35855 | Vaults:2 | Noticed a dread lich
 35857 | Vaults:2 | Killed a dread lich
 36102 | Vaults:2 | Received a gift from Sif Muna
 36105 | Vaults:2 | Reached skill level 1 in Evocations
 36138 | Vaults:2 | Got Sif Muna's Precepts of Terrestrial Bombardment {god
                  | gift}
 36355 | Vaults:2 | Found a staircase to the Crypt.
 36355 | Vaults:2 | Found a basalt altar of Yredelemnul.
 36356 | Vaults:2 | Found an ancient bone altar of Kikubaaqudgha.
 36820 | Vaults:1 | Reached XP level 24. HP: 162/162 MP: 47/47
 36910 | Vaults:1 | Acquired an orb of mayhem
 37255 | Vaults:1 | Identified the +0 morningstar "Foysmim" {chaos, rC+}
 37510 | Depths:1 | Entered Level 1 of the Depths
 37514 | Depths:1 | Reached skill level 5 in Evocations
 37515 | Depths:1 | Noticed Margery
 37519 | Depths:1 | Killed Margery
 37573 | Depths:1 | Received a gift from Sif Muna
 37574 | Depths:1 | Got Laufup's Volume of Baneful Exhumation {god gift}
 37629 | Depths:1 | Found a gateway to Hell.
 37719 | Depths:1 | Found a runed translucent door.
 37853 | Depths:2 | Identified the +4 falchion "Neunism" {distort, Dex+4}
 37944 | Depths:3 | Reached skill level 10 in Evocations
 37963 | Depths:3 | Found a one-way gate to the infinite horrors of the Abyss.
 37966 | Depths:3 | Found a corrupted altar of Lugonu.
 38044 | Depths:3 | Found Lep Gouj's Jewellery Emporium.
 38140 | Depths:3 | Received a gift from Sif Muna
 38188 | Depths:4 | Entered Level 4 of the Depths
 38393 | Depths:4 | Found a gate to the Realm of Zot.
 38398 | Depths:4 | Got a midnight gem with 2113 turns to spare
 38438 | Depths:4 | Found a shadowy altar of Dithmenos.
 38582 | Depths:4 | Found a one-way gateway to a ziggurat.
 38584 | Depths:4 | Noticed a caustic shrike
 38591 | Depths:4 | Noticed a caustic shrike
 38592 | Depths:4 | Noticed a caustic shrike
 38595 | Depths:4 | Killed a caustic shrike
 38597 | Depths:4 | Killed a caustic shrike
 38603 | Depths:4 | Killed a caustic shrike
 38604 | Depths:4 | Reached XP level 25. HP: 102/168 MP: 10/47
 38903 | Depths:3 | Found Hythrugha's Antique Weapon Shoppe.
 38989 | Depths:3 | Found Wuuqule's Jewellery Boutique.
 39103 | Depths:3 | Bought the ring "Riani" {rPois Str+3 Int+6 Dex+4} for 804
                  | gold pieces
 39121 | Depths:3 | Found Yxten's Antique Armour Shop.
 39654 | Depths:4 | Learned a level 9 spell: Polar Vortex
 39661 | Depths:4 | Learned a level 5 spell: Yara's Violent Unravelling
 39666 | Depths:4 | Learned a level 3 spell: Ozocubu's Armour
 39667 | Zig:1    | Entered Level 1 of a ziggurat
 39681 | Zig:2    | Entered Level 2 of a ziggurat
 39681 | Zig:2    | Found the +16 obsidian axe {drain, demonic, Mesm ^Drain Fly
                  | SInv}
 39682 | Zig:2    | Noticed Meeruamp the pandemonium lord
 39689 | Zig:2    | Killed Meeruamp the pandemonium lord
 39717 | Zig:3    | Entered Level 3 of a ziggurat
 39752 | Zig:4    | Entered Level 4 of a ziggurat
 39781 | Zig:5    | Entered Level 5 of a ziggurat
 39801 | Zig:5    | Reached XP level 26. HP: 174/174 MP: 47/47
 39810 | Zig:5    | Identified the +3 quarterstaff "Vyifunao" {flame, rC++}
 39824 | Zig:6    | Entered Level 6 of a ziggurat
 39832 | Zig:6    | Reached skill level 15 in Ice Magic
 39879 | Zig:7    | Entered Level 7 of a ziggurat
 39888 | Zig:7    | Received a gift from Sif Muna
 39889 | Zig:7    | Got Golubria's Exposition on Nonlocality {god gift}
 39897 | Zig:7    | Identified the amulet of Taetuokk {Reflect Int+3 Dex+2
                  | SH+5}
 39916 | Zig:8    | Entered Level 8 of a ziggurat
 39936 | Zig:8    | Identified the ring "Jiawa" {Int+5 Dex+6 Stlth+}
 39941 | Zig:8    | Identified the amulet "Jeoffan" {Faith rPois Regen+ Int+4}
 39954 | Zig:8    | Identified the amulet "Liacsius" {Spirit Dex+2}
 39968 | Zig:9    | Entered Level 9 of a ziggurat
 39976 | Zig:9    | Noticed an ancient lich
 39976 | Zig:9    | Noticed a dread lich
 39979 | Zig:9    | Killed an ancient lich
 39980 | Zig:9    | Killed a dread lich
 40003 | Zig:10   | Entered Level 10 of a ziggurat
 40013 | Zig:10   | Found the +8 longbow "Zephyr" {speed, Dex+3 SInv}
 40025 | Zig:10   | Identified the +1 arbalest of Revolt {speed, Str+4 Stlth+}
 40027 | Zig:10   | Identified the ring "Ycydgh" {EV+5 Str+6 Slay+3}
 40032 | Zig:10   | Identified the -1 pair of gloves "Sousch" {Rampage rElec
                  | rPois}
 40034 | Zig:10   | Identified the staff of the Absolute Madman {rN+ rCorr
                  | Stlth+ Conj}
 40045 | Zig:11   | Entered Level 11 of a ziggurat
 40101 | Zig:11   | Identified the amulet "Oteneuch" {Reflect -Tele Str+3 SH+5
                  | SInv}
 40109 | Zig:12   | Entered Level 12 of a ziggurat
 40121 | Zig:12   | Noticed a dread lich
 40121 | Zig:12   | Noticed a dread lich
 40122 | Zig:12   | Killed a dread lich
 40123 | Zig:12   | Received a gift from Sif Muna
 40124 | Zig:12   | Got Ninol Iwi's Compilation of Unlucky Thunder {god gift}
 40125 | Zig:12   | Killed a dread lich
 40134 | Zig:12   | Identified the +4 morningstar of Oshalix {spect, rC+ Str+2}
 40135 | Zig:12   | Identified the +1 great mace of Vanity {vamp, Fly}
 40138 | Zig:12   | Identified the ring "Kueret" {Fly rN+ Str-2 Dex+6}
 40142 | Zig:12   | Identified the +12 demon trident of Defenestration {pain,
                  | rC+ Will++ Int+3}
 40144 | Zig:12   | Identified the +2 whip of Dutsyez {heavy, Dex+4}
 40148 | Zig:12   | Identified the storm talisman of the Gazing Gods {Dex+3}
 40150 | Zig:12   | Identified the +3 chain mail of Distant Shores {rC- Int+5
                  | Stlth+}
 40156 | Zig:13   | Entered Level 13 of a ziggurat
 40183 | Zig:13   | Identified the amulet of Aces Soi {rPois rF++ RegenMP+
                  | Str-3 Int+2}
 40186 | Zig:13   | Identified the ring "Lemokas" {Wiz Dex+3 Slay+3}
 40193 | Zig:13   | Identified the +3 ring mail of Dithmenos's Hope {+Blink
                  | rCorr Int-3 Dex+5}
 40202 | Zig:14   | Entered Level 14 of a ziggurat
 40212 | Zig:14   | Noticed Kehowi the pandemonium lord
 40215 | Zig:14   | Killed Kehowi the pandemonium lord
 40220 | Zig:14   | Reached XP level 27. HP: 170/179 MP: 37/47
 40250 | Zig:14   | Identified the +10 glaive "Unadwefu" {pain, ^Drain Int+4}
 40254 | Zig:15   | Entered Level 15 of a ziggurat
 40267 | Zig:15   | Noticed Aweteoj the pandemonium lord
 40271 | Zig:15   | Killed Aweteoj the pandemonium lord
 40344 | Zig:15   | Identified the ring of the Shining Light {rC+ rN+ Str+4
                  | Int-3}
 40365 | Zig:15   | Identified the +1 whip "Ceraen" {venom, rPois rF- SInv
                  | Stlth+}
 40372 | Zig:15   | Identified the +0 robe "Jaloeba" {Dex+4}
 40377 | Zig:16   | Entered Level 16 of a ziggurat
 40400 | Zig:16   | Received a gift from Sif Muna
 40403 | Zig:16   | Got Zuotorif's Meditations on Violence {god gift}
 40413 | Zig:16   | Identified the +8 dagger "Pausag" {heavy, rC- rN++ Str+5}
 40435 | Zig:17   | Entered Level 17 of a ziggurat
 40464 | Zig:17   | Gained mutation: You are agile. (Dex +4, Str/Int -1) [you]
 40514 | Zig:17   | Identified the +5 robe "Konletun" {rC+}
 40520 | Zig:17   | Identified the +9 rapier of the Fortifying Gnat {drain, rF+
                  | rC+ rN+ Will+}
 40539 | Zig:18   | Entered Level 18 of a ziggurat
 40579 | Zig:18   | Identified the ring of the Evening {rC+ Dex+6}
 40590 | Zig:18   | Identified the +8 short sword "Kewk" {vamp, ^Fragile rPois
                  | Str+3 SInv}
 40611 | Zig:19   | Entered Level 19 of a ziggurat
 40622 | Zig:19   | Noticed a dread lich
 40622 | Zig:19   | Noticed a dread lich
 40623 | Zig:19   | Noticed an ancient lich
 40625 | Zig:19   | Noticed an ancient lich
 40626 | Zig:19   | Noticed an ancient lich
 40627 | Zig:19   | Killed a dread lich
 40627 | Zig:19   | Killed a dread lich
 40627 | Zig:19   | Killed an ancient lich
 40627 | Zig:19   | Received a gift from Sif Muna
 40628 | Zig:19   | Killed an ancient lich
 40628 | Zig:19   | Killed an ancient lich
 40630 | Zig:19   | Noticed a dread lich
 40644 | Zig:19   | Killed a dread lich
 40659 | Zig:19   | Found the +27 heavy crossbow "Sniper" {heavy, Acc+∞ SInv}
 40669 | Zig:19   | Identified the +9 plate armour "Foemoll" {rElec rN+ Str-2
                  | Stlth+}
 40671 | Zig:19   | Got Iged's Keys to Hermetics
 40677 | Zig:19   | Identified the amulet "Koki" {Will+ Regen+}
 40682 | Zig:19   | Identified the amulet of Buxkott {Faith rElec rC+}
 40699 | Zig:19   | Identified the +7 war axe of Obiter Dictum {protect, rElec
                  | rN++ Str-3}
 40714 | Zig:20   | Entered Level 20 of a ziggurat
 40738 | Zig:20   | Found the brooch of Shielding {Spirit SH+8}
 40789 | Zig:20   | Identified the +3 double sword of Ashenzari's Approval
                  | {heavy, Str+3 Int+4 Stlth+}
 40796 | Zig:20   | Identified the +3 shortbow of Citsesau {elec, rF+ Int+6}
 40819 | Zig:20   | Acquired a manual of Spellcasting
 40825 | Zig:20   | Acquired the +3 Mad Mage's Maulers {Infuse+∞ VampMP -Cast}
 40825 | Zig:20   | Found the +3 Mad Mage's Maulers {Infuse+∞ VampMP -Cast}
 40833 | Zig:21   | Entered Level 21 of a ziggurat
 40858 | Zig:21   | Found the +7 great mace "Firestarter" {flame, immolate,
                  | rFlCloud rF++}
 40859 | Zig:21   | Received a gift from Sif Muna
 40890 | Zig:21   | Identified the +1 pair of gloves of the Other World {MP+9
                  | Str+3}
 40900 | Zig:21   | Identified the ring "Rexusig" {rElec rF+ MP+9 Slay+3}
 40901 | Zig:21   | Identified the +5 halberd of Simar {heavy, rPois rC+ Dex-4}
 40953 | Zig:22   | Entered Level 22 of a ziggurat
 40972 | Zig:22   | Received a gift from Sif Muna
 41081 | Zig:22   | Found the +3 greatsling "Punk" {acid, rCorr}
 41111 | Zig:22   | Identified the +8 flail "Coklel" {pain, rN+ Str+3 SInv}
 41153 | Zig:23   | Entered Level 23 of a ziggurat
 41171 | Zig:23   | Received a gift from Sif Muna
 41246 | Zig:23   | Found the +15 Maxwell's patent armour {-Cast -Tele rElec
                  | Will+ rCorr}
 41248 | Zig:23   | Found the +5 demon whip "Spellbinder" {antimagic, disrupt,
                  | Will+}
 41280 | Zig:23   | Identified the +5 short sword "Odoetief" {speed, rPois rN+
                  | Will+}
 41282 | Zig:23   | Identified the +0 buckler of Liberalism {rF++ rC+ rCorr}
 41288 | Zig:23   | Identified the +2 arbalest of Luwnenuu {freeze, ^Fragile
                  | Int+6}
 41302 | Zig:23   | Identified the ring of Qewuol {Fire *Corrode Int+6}
 41324 | Zig:23   | Got Nust's Tome of Concussion and Toxicity
 41328 | Zig:24   | Entered Level 24 of a ziggurat
 41354 | Zig:24   | Received a gift from Sif Muna
 41357 | Zig:24   | Got Sif Muna's Vademecum on Adjuration {god gift}
 41376 | Zig:24   | Found the +4 robe of Folly {Brill Will-∞ Int+8}
 41405 | Zig:24   | Identified the +6 broad axe of Tenacity {pain, rC+ Dex+4}
 41415 | Zig:24   | Identified the +0 broad axe "Death Rattle" {holy, Fly}
 41437 | Zig:24   | Identified the +10 great sword of Depais {protect, Str+5
                  | Stlth+}
 41490 | Zig:25   | Entered Level 25 of a ziggurat
 41517 | Zig:25   | Reached skill level 10 in Stealth
 41555 | Zig:25   | Identified the +1 lajatang "Coefrym" {venom, rPois}
 41588 | Zig:26   | Entered Level 26 of a ziggurat
 41612 | Zig:26   | Received a gift from Sif Muna
 41616 | Zig:26   | Got Sif Muna's Encyclopedia of Dislocated Death {god gift}
 41665 | Zig:26   | Found the +6 arbalest "Damnation" {damnation}
 41665 | Zig:26   | Found the +10 dark maul {heavy}
 41700 | Zig:27   | Entered Level 27 of a ziggurat
 41726 | Zig:27   | Reached skill level 27 in Ice Magic
 41728 | Zig:27   | Noticed a dread lich
 41733 | Zig:27   | Killed a dread lich
 41749 | Zig:27   | Found the +8 mithril axe "Arga" {speed, Will+}
 41750 | Zig:27   | Found the +11 plutonium sword {^Contam Stlth-}
 41782 | Zig:27   | Reached skill level 15 in Stealth
 41785 | Zig:27   | Identified the +0 plate armour of the Unbroken {rElec rPois
                  | Dex+5}
 41787 | Zig:27   | Identified the amulet of Law {Acrobat rPois rF++ Str+2}
 41814 | Zig:27   | Identified the +8 dagger of Past Mistakes {holy, Will+
                  | Str+2 SInv}
 41880 | Depths:4 | Learned a level 8 spell: Lehudib's Crystal Spear
 41901 | Zig:1    | Entered Level 1 of a ziggurat
 41916 | Zig:2    | Entered Level 2 of a ziggurat
 41937 | Zig:3    | Entered Level 3 of a ziggurat
 41940 | Zig:3    | Noticed a royal mummy
 41942 | Zig:3    | Reached skill level 1 in Hexes
 41943 | Zig:3    | Killed a royal mummy
 41962 | Zig:3    | Identified the staff "Tehyekas" {rC+ rN+ Will++ Str+3
                  | Stlth- Necro}
 41971 | Zig:4    | Entered Level 4 of a ziggurat
 41999 | Zig:5    | Entered Level 5 of a ziggurat
 42004 | Zig:5    | Noticed Ybbacwox the pandemonium lord
 42007 | Zig:5    | Reached skill level 5 in Conjurations
 42011 | Zig:5    | Killed Ybbacwox the pandemonium lord
 42040 | Zig:6    | Entered Level 6 of a ziggurat
 42106 | Zig:6    | Identified the +0 plate armour of Relaska {Str+8}
 42119 | Zig:6    | Identified the +1 quarterstaff of Evisceration {antimagic,
                  | Str+2 Dex+2}
 42123 | Zig:7    | Entered Level 7 of a ziggurat
 42144 | Zig:7    | Identified the staff of Yredelemnul's Whim {rPois rN++
                  | Int-3 Air Earth}
 42174 | Zig:8    | Entered Level 8 of a ziggurat
 42186 | Zig:8    | Found the +1 robe of Vines {NoPotionHeal Regen++++}
 42210 | Zig:8    | Identified the staff of Ash {rF+ Int+3 Fire}
 42211 | Zig:8    | Identified the -1 pair of boots of the Curious Leylines
                  | {rF+ Will+ Str+3}
 42215 | Zig:8    | Identified the +0 rapier of Conversion {heavy, rC+}
 42284 | Zig:9    | Entered Level 9 of a ziggurat
 42290 | Zig:9    | Noticed an orb of fire
 42291 | Zig:9    | Noticed an orb of fire
 42291 | Zig:9    | Noticed an orb of fire
 42292 | Zig:9    | Noticed an orb of fire
 42292 | Zig:9    | Noticed an orb of fire
 42293 | Zig:9    | Gained mutation: You have hidden genetic defects. [an orb
                  | of fire]
 42294 | Zig:9    | Gained mutation: Your health recovers twice as slowly from
                  | being drained. [an orb of fire]
 42296 | Zig:9    | Killed an orb of fire
 42296 | Zig:9    | Gained mutation: Armour fits poorly on your strangely
                  | shaped body. [an orb of fire]
 42297 | Zig:9    | Killed an orb of fire
 42297 | Zig:9    | Gained mutation: You are frail. (-10% HP) [an orb of fire]
 42298 | Zig:9    | Killed an orb of fire
 42298 | Zig:9    | Killed an orb of fire
 42302 | Zig:9    | Gained mutation: You are dopey. (Int -2) [an orb of fire]
 42303 | Zig:9    | Killed an orb of fire
 42329 | Zig:9    | Lost mutation: You are agile. (Dex +4, Str/Int -1) [potion
                  | of mutation]
 42329 | Zig:9    | Lost mutation: You are frail. (-10% HP) [potion of
                  | mutation]
 42329 | Zig:9    | Gained mutation: You are robust. (+10% HP) [potion of
                  | mutation]
 42329 | Zig:9    | Gained mutation: You are vulnerable to heat. (rF-) [potion
                  | of mutation]
 42329 | Zig:9    | Gained mutation: You have a pair of small horns on your
                  | head. [potion of mutation]
 42330 | Zig:9    | Lost mutation: You have a pair of small horns on your head.
                  | [potion of mutation]
 42330 | Zig:9    | Lost mutation: You are dopey. (Int -2) [potion of mutation]
 42330 | Zig:9    | Gained mutation: You possess an exceptional clarity of
                  | mind. [potion of mutation]
 42330 | Zig:9    | Gained mutation: You expend magic power (3 MP) to
                  | strengthen your wands. [potion of mutation]
 42331 | Zig:9    | Lost mutation: You possess an exceptional clarity of mind.
                  | [potion of mutation]
 42331 | Zig:9    | Lost mutation: You are robust. (+10% HP) [potion of
                  | mutation]
 42331 | Zig:9    | Lost mutation: You are vulnerable to heat. (rF-) [potion of
                  | mutation]
 42331 | Zig:9    | Gained mutation: You have sharp fingernails. [potion of
                  | mutation]
 42332 | Zig:9    | Lost mutation: You expend magic power (3 MP) to strengthen
                  | your wands. [potion of mutation]
 42332 | Zig:9    | Lost mutation: Your health recovers twice as slowly from
                  | being drained. [potion of mutation]
 42332 | Zig:9    | Lost mutation: You have hidden genetic defects. [potion of
                  | mutation]
 42332 | Zig:9    | Gained mutation: You are weak. (Str -2) [potion of
                  | mutation]
 42332 | Zig:9    | Gained mutation: You are somewhat resistant to further
                  | mutation. [potion of mutation]
 42333 | Zig:9    | Lost mutation: You have sharp fingernails. [potion of
                  | mutation]
 42333 | Zig:9    | Lost mutation: You are weak. (Str -2) [potion of mutation]
 42333 | Zig:9    | Gained mutation: You have sharp toenails. [potion of
                  | mutation]
 42333 | Zig:9    | Gained mutation: You have a somewhat thin skeletal
                  | structure. (Dex +2, Stealth+) [potion of mutation]
 42336 | Zig:9    | Identified the +2 triple sword "Ilisk" {antimagic, ^Fragile
                  | Fly rF+ rC+}
 42349 | Zig:9    | Lost mutation: You have a somewhat thin skeletal structure.
                  | (Dex +2, Stealth+) [potion of mutation]
 42349 | Zig:9    | Lost mutation: Armour fits poorly on your strangely shaped
                  | body. [potion of mutation]
 42356 | Zig:10   | Entered Level 10 of a ziggurat
 42364 | Zig:10   | Found the +8 demon trident "Rift" {distort, reach+}
 42367 | Zig:10   | Reached skill level 10 in Conjurations
 42389 | Zig:10   | Identified the staff "Zaopa" {rPois rF+ Fire}
 42452 | Zig:11   | Entered Level 11 of a ziggurat
 42469 | Zig:11   | Reached skill level 27 in Fighting
 42494 | Zig:11   | Identified the +2 shortbow "Newt's Regret" {flame, rF- rN+
                  | Dex+3}
 42504 | Zig:11   | Identified the staff "Gaivuc" {+Blink rPois rC- Int+2
                  | Alchemy}
 42508 | Zig:12   | Entered Level 12 of a ziggurat
 42518 | Zig:12   | Noticed Tiem the pandemonium lord
 42518 | Zig:12   | Noticed Tyele the pandemonium lord
 42521 | Zig:12   | Noticed Usuphec the pandemonium lord
 42521 | Zig:12   | Noticed Fiasoeqe the pandemonium lord
 42522 | Zig:12   | Killed Tyele the pandemonium lord
 42522 | Zig:12   | Noticed Godghius the pandemonium lord
 42523 | Zig:12   | Noticed Daanio the pandemonium lord
 42525 | Zig:12   | Killed Tiem the pandemonium lord
 42526 | Zig:12   | Killed Usuphec the pandemonium lord
 42527 | Zig:12   | Killed Godghius the pandemonium lord
 42527 | Zig:12   | Killed Daanio the pandemonium lord
 42529 | Zig:12   | Killed Fiasoeqe the pandemonium lord
 42631 | Zig:12   | Identified the +1 plate armour of Defence {Will++ Int+4
                  | Dex-3 Slay+3}
 42635 | Zig:13   | Entered Level 13 of a ziggurat
 42656 | Zig:13   | Noticed Fenlig the pandemonium lord
 42669 | Zig:13   | Killed Fenlig the pandemonium lord
 42673 | Zig:13   | Found the +8 Wrath of Trog {antimagic, *Rage Rampage}
 42692 | Zig:13   | Identified the ring "Haloucam" {Fire rPois rN+ Will+ Str-5}
 42723 | Zig:13   | Reached skill level 27 in Spellcasting
 42730 | Zig:13   | Learned a level 4 spell: Passage of Golubria
 42740 | Zig:13   | Learned a level 9 spell: Fire Storm
 42750 | Zig:13   | Learned a level 6 spell: Gell's Gavotte
 42751 | Zig:14   | Entered Level 14 of a ziggurat
 42764 | Zig:14   | Reached skill level 1 in Translocations
 42765 | Zig:14   | Noticed a dread lich
 42766 | Zig:14   | Reached skill level 5 in Shields
 42768 | Zig:14   | Killed a dread lich
 42770 | Zig:14   | Reached skill level 5 in Translocations
 42814 | Zig:15   | Entered Level 15 of a ziggurat
 42828 | Zig:15   | Reached skill level 10 in Shields
 42857 | Zig:15   | Identified the +6 sling of the Middle {antimagic, rC+ rN+
                  | Int+3 SInv}
 42867 | Zig:15   | Identified the +3 orcbow "Ynouwkann" {drain, rPois rC++
                  | Str+3}
 42881 | Zig:16   | Entered Level 16 of a ziggurat
 42893 | Zig:16   | Noticed Diciec the pandemonium lord
 42901 | Zig:16   | Killed Diciec the pandemonium lord
 42999 | Zig:17   | Entered Level 17 of a ziggurat
 43012 | Zig:17   | Noticed a royal mummy
 43012 | Zig:17   | Noticed a royal mummy
 43013 | Zig:17   | Noticed a royal mummy
 43013 | Zig:17   | Noticed a royal mummy
 43013 | Zig:17   | Noticed a royal mummy
 43014 | Zig:17   | Noticed a royal mummy
 43014 | Zig:17   | Noticed a royal mummy
 43014 | Zig:17   | Noticed a royal mummy
 43015 | Zig:17   | Noticed a royal mummy
 43016 | Zig:17   | Reached skill level 15 in Shields
 43017 | Zig:17   | Killed a royal mummy
 43017 | Zig:17   | Killed a royal mummy
 43017 | Zig:17   | Killed a royal mummy
 43017 | Zig:17   | Killed a royal mummy
 43017 | Zig:17   | Killed a royal mummy
 43017 | Zig:17   | Noticed a royal mummy
 43018 | Zig:17   | Killed a royal mummy
 43018 | Zig:17   | Killed a royal mummy
 43020 | Zig:17   | Killed a royal mummy
 43021 | Zig:17   | Killed a royal mummy
 43021 | Zig:17   | Killed a royal mummy
 43021 | Zig:17   | Noticed a royal mummy
 43021 | Zig:17   | Noticed a royal mummy
 43022 | Zig:17   | Noticed a royal mummy
 43024 | Zig:17   | Killed a royal mummy
 43024 | Zig:17   | Killed a royal mummy
 43024 | Zig:17   | Killed a royal mummy
 43068 | Zig:17   | Identified the +2 scale mail of Dishonour {Will++ Dex-5}
 43070 | Zig:17   | Identified the +0 war axe of the Beginning {flame, Dex+5}
 43089 | Zig:17   | Identified the amulet "Ihabitz" {Faith ^Contam rPois rN+
                  | Slay+3}
 43096 | Zig:17   | Reached skill level 15 in Invocations
 43099 | Zig:18   | Entered Level 18 of a ziggurat
 43192 | Zig:18   | Found the necklace of Bloodlust {Fury *Rage Will++ Int-3
                  | Slay+6}
 43209 | Zig:18   | Identified the +10 plate armour of Wiguned {Dex+4}
 43226 | Zig:18   | Identified the +6 battleaxe of Fikumonufo {elec, rPois rN+
                  | Will-}
 43243 | Zig:18   | Acquired a manual of Hexes
 43262 | Zig:19   | Entered Level 19 of a ziggurat
 43272 | Zig:19   | Reached skill level 5 in Hexes
 43273 | Zig:19   | Noticed a juggernaut
 43276 | Zig:19   | Killed a juggernaut
 43283 | Zig:19   | Noticed a juggernaut
 43296 | Zig:19   | Killed a juggernaut
 43316 | Zig:19   | Found the +9 sword of Zonguldrok {reap}
 43357 | Zig:19   | Identified the ring "Icwaomp" {Will+ rCorr Int+2 SInv}
 43363 | Zig:19   | Identified the staff "Seotuan" {rC+ Int+4 Ice}
 43365 | Zig:19   | Identified the ring "Teblepsu" {+Blink rN+ Will+ EV+5}
 43370 | Zig:19   | Identified the amulet of Secrets {Acrobat ^Fragile rCorr
                  | Dex+5}
 43381 | Zig:20   | Entered Level 20 of a ziggurat
 43396 | Zig:20   | Noticed a dread lich
 43397 | Zig:20   | Noticed an ancient lich
 43397 | Zig:20   | Noticed a dread lich
 43397 | Zig:20   | Noticed a dread lich
 43399 | Zig:20   | Noticed an ancient lich
 43399 | Zig:20   | Killed a dread lich
 43399 | Zig:20   | Killed an ancient lich
 43399 | Zig:20   | Killed a dread lich
 43399 | Zig:20   | Killed a dread lich
 43399 | Zig:20   | Noticed an ancient lich
 43401 | Zig:20   | Noticed a dread lich
 43401 | Zig:20   | Noticed an ancient lich
 43401 | Zig:20   | Killed an ancient lich
 43403 | Zig:20   | Killed an ancient lich
 43405 | Zig:20   | Killed a dread lich
 43406 | Zig:20   | Killed an ancient lich
 43419 | Zig:20   | Identified the +6 orcbow of the Changing Scavenger {elec,
                  | *Corrode rPois Dex+5 SInv}
 43430 | Zig:20   | Identified the amulet of Huoss {Reflect -Cast Harm rCorr
                  | Str+4 SH+5}
 43470 | Zig:20   | Identified the +3 troll leather armour of the Taurataur
                  | {rElec Regen+ rCorr Dex-4 SInv}
 43486 | Zig:20   | Acquired 691 gold pieces
 43496 | Zig:20   | Reached skill level 15 in Conjurations
 43498 | Zig:21   | Entered Level 21 of a ziggurat
 43513 | Zig:21   | Reached skill level 1 in Fire Magic
 43537 | Zig:21   | Identified the +9 halberd "Ihoxt" {holy, Fly SInv}
 43546 | Zig:21   | Identified the amulet "Zanwyacu" {rPois Will+ Regen+ Str+2
                  | Dex+2}
 43558 | Zig:21   | Identified the +0 scale mail "Urisumn" {Str+3 Dex+2}
 43562 | Zig:21   | Identified the +6 flail of Defence by Offence {heavy, SInv}
 43583 | Zig:21   | Reached skill level 15 in Dodging
 43595 | Zig:22   | Entered Level 22 of a ziggurat
 43615 | Zig:22   | Reached skill level 5 in Fire Magic
 43645 | Zig:22   | Identified the +1 ring mail of Incorporation {-Tele rF+
                  | Will+ MP+9}
 43667 | Zig:22   | Identified the ring "Oklash" {rN++ Will+}
 43689 | Zig:22   | Identified the +8 shortbow of Doors {antimagic, Str+5}
 43716 | Zig:23   | Entered Level 23 of a ziggurat
 43733 | Zig:23   | Noticed a royal mummy
 43733 | Zig:23   | Noticed a royal mummy
 43734 | Zig:23   | Noticed a royal mummy
 43734 | Zig:23   | Noticed a royal mummy
 43734 | Zig:23   | Noticed a royal mummy
 43734 | Zig:23   | Noticed a royal mummy
 43734 | Zig:23   | Noticed a royal mummy
 43734 | Zig:23   | Noticed a royal mummy
 43735 | Zig:23   | Noticed a royal mummy
 43735 | Zig:23   | Noticed a royal mummy
 43735 | Zig:23   | Noticed a royal mummy
 43735 | Zig:23   | Noticed a royal mummy
 43735 | Zig:23   | Noticed a royal mummy
 43735 | Zig:23   | Noticed a royal mummy
 43735 | Zig:23   | Noticed a royal mummy
 43736 | Zig:23   | Noticed a royal mummy
 43738 | Zig:23   | Noticed a royal mummy
 43738 | Zig:23   | Noticed a royal mummy
 43739 | Zig:23   | Noticed a royal mummy
 43739 | Zig:23   | Found the +8 pair of quick blades "Gyre" and "Gimble"
                  | {protect}
 43739 | Zig:23   | Killed a royal mummy
 43739 | Zig:23   | Noticed a royal mummy
 43739 | Zig:23   | Noticed a royal mummy
 43740 | Zig:23   | Killed a royal mummy
 43740 | Zig:23   | Killed a royal mummy
 43740 | Zig:23   | Killed a royal mummy
 43740 | Zig:23   | Killed a royal mummy
 43740 | Zig:23   | Killed a royal mummy
 43740 | Zig:23   | Killed a royal mummy
 43740 | Zig:23   | Killed a royal mummy
 43740 | Zig:23   | Noticed a royal mummy
 43741 | Zig:23   | Killed a royal mummy
 43741 | Zig:23   | Killed a royal mummy
 43741 | Zig:23   | Killed a royal mummy
 43741 | Zig:23   | Killed a royal mummy
 43741 | Zig:23   | Killed a royal mummy
 43741 | Zig:23   | Killed a royal mummy
 43741 | Zig:23   | Killed a royal mummy
 43741 | Zig:23   | Killed a royal mummy
 43741 | Zig:23   | Killed a royal mummy
 43742 | Zig:23   | Killed a royal mummy
 43744 | Zig:23   | Killed a royal mummy
 43744 | Zig:23   | Killed a royal mummy
 43748 | Zig:23   | Killed a royal mummy
 43749 | Zig:23   | Reached skill level 10 in Fire Magic
 43816 | Zig:23   | Killed a royal mummy
 43859 | Zig:23   | Identified the +4 cloak "Fiocrune" {SInv}
 43879 | Zig:23   | Identified the amulet "Veyprif" {Reflect Int+5 SH+5}
 43893 | Zig:24   | Entered Level 24 of a ziggurat
 43910 | Zig:24   | Noticed a seraph
 43923 | Zig:24   | Killed a seraph
 43982 | Zig:24   | Identified the +8 tower shield "Yreoh" {rC+ Stlth+}
 44096 | Zig:24   | Identified the ring "Loyl" {rF+ rC+++ Str-2 Int-4}
 44100 | Zig:24   | Identified the ring of the Chimera {rN+ rCorr AC+4 Str+4
                  | Slay-3}
 44103 | Zig:24   | Identified the ring of Lethiz {rCorr MP+9 Str+2 SInv}
 44116 | Zig:24   | Identified the staff "Dragonbane" {rElec Str+2 Air}
 44122 | Zig:24   | Identified the staff of Ascent {+Blink rN+ Necro}
 44129 | Zig:24   | Acquired a manual of Armour
 44136 | Zig:25   | Entered Level 25 of a ziggurat
 44154 | Zig:25   | Reached skill level 15 in Fire Magic
 44211 | Zig:25   | Found the +7 mace of Variability {chaos, chaos arc}
 44254 | Zig:25   | Identified the +0 orcbow "Otzeurr" {freeze, Int+4 SInv
                  | Stlth+}
 44255 | Zig:25   | Identified the +0 chain mail of Isoviow {rElec rC+ rCorr
                  | Str+2}
 44256 | Zig:25   | Identified the staff "Mewuiz" {rC+ Will+ Int+4 Ice}
 44259 | Zig:25   | Identified the ring of Moodiness {rPois rC+ Str+6 Int+2}
 44264 | Zig:25   | Identified the +2 demon whip of the Dungeon {flame, Dex+3
                  | SInv}
 44270 | Zig:25   | Identified the ring "Ygikuk" {rN++ AC+4 Dex+3}
 44287 | Zig:26   | Entered Level 26 of a ziggurat
 44303 | Zig:26   | Noticed a juggernaut
 44303 | Zig:26   | Noticed a juggernaut
 44313 | Zig:26   | Killed a juggernaut
 44316 | Zig:26   | Noticed a juggernaut
 44318 | Zig:26   | Noticed a juggernaut
 44320 | Zig:26   | Killed a juggernaut
 44321 | Zig:26   | Killed a juggernaut
 44327 | Zig:26   | Killed a juggernaut
 44333 | Zig:26   | Noticed a juggernaut
 44337 | Zig:26   | Killed a juggernaut
 44365 | Zig:26   | Identified the ring of the Scarab {Str+3 Dex+6 Stlth+}
 44369 | Zig:26   | Identified the staff of Tiecit {^Contam rC+ rN++ Will+
                  | Str+3 Int-4 Ice}
 44378 | Zig:26   | Identified the +1 great sword of Roaryav {flame, *Corrode
                  | rElec rPois SInv}
 44381 | Zig:26   | Identified the ring of Resumed Hostilities {MP+9 Dex+3}
 44382 | Zig:26   | Identified the +9 orcbow of Xiggyfryqa {flame, rPois rN+
                  | Will++ Dex-3}
 44387 | Zig:26   | Identified the ring of Azaixkamea {rF- rC+ rCorr Str+5}
 44396 | Zig:26   | Identified the amulet of Mukylyir {Faith rN+ Dex+2}
 44400 | Zig:26   | Identified the +2 leather armour of Cutz {rPois rCorr}
 44402 | Zig:26   | Identified the +7 halberd "Rowkit" {elec, +Blink Will+}
 44406 | Zig:26   | Identified the +4 scale mail of the Distant Future {+Blink
                  | rC+++ Int-3 Dex-5}
 44411 | Zig:27   | Entered Level 27 of a ziggurat
 44784 | Zig:27   | Identified the +4 quarterstaff of Fimbulwinter {flame,
                  | ^Drain rElec rF+ rN+}
 44864 | Depths:4 | Learned a level 8 spell: Fulsome Fusillade
 45060 | Depths:3 | Found a runed door.
 45069 | Depths:3 | Killed a dread lich
 45069 | Depths:3 | Noticed an ancient lich
 45071 | Depths:3 | Killed an ancient lich
 45103 | Depths:3 | Identified the ring "Xoyria Jole" {rElec rC+ Will+ Int+3
                  | Dex+2}
 45108 | Depths:3 | Identified the ring "Xeaxt" {^Drain rC+ rN+ Dex+2}
 45111 | Depths:3 | Identified the +8 dagger of Nuetz {flame, Fly rPois SInv}
 45133 | Depths:3 | Identified the amulet "Gupugixa" {Acrobat Int+5 Dex-3}
 45145 | Depths:3 | Identified the +1 shortbow of Malaise {speed, rF+}
 45354 | Depths:2 | Found a one-way gate leading to the halls of Pandemonium.
 45865 | Depths:1 | Identified the +5 shortbow of the Twisting King {freeze,
                  | rC+++ rCorr Str-4}
 46272 | Depths:1 | Found a hide-covered altar of Uskayaw.
 46629 | Slime:1  | Entered Level 1 of the Pits of Slime
 46643 | Slime:2  | Noticed Dissolution
 46647 | Slime:2  | Killed Dissolution
 46694 | Slime:3  | Gained mutation: You sometimes lose your temper in combat.
                  | [a shining eye]
 46718 | Slime:3  | Lost mutation: You have sharp toenails. [potion of
                  | mutation]
 46718 | Slime:3  | Lost mutation: You sometimes lose your temper in combat.
                  | [potion of mutation]
 46718 | Slime:3  | Gained mutation: Your body sometimes deteriorates upon
                  | taking damage. [potion of mutation]
 46718 | Slime:3  | Gained mutation: You have sharp toenails. [potion of
                  | mutation]
 46719 | Slime:3  | Lost mutation: Your body sometimes deteriorates upon taking
                  | damage. [potion of mutation]
 46719 | Slime:3  | Lost mutation: You are somewhat resistant to further
                  | mutation. [potion of mutation]
 46719 | Slime:3  | Lost mutation: You have sharp toenails. [potion of
                  | mutation]
 46719 | Slime:3  | Gained mutation: You sometimes lose your temper in combat.
                  | [potion of mutation]
 46719 | Slime:3  | Gained mutation: You are agile. (Dex +4, Str/Int -1)
                  | [potion of mutation]
 46720 | Slime:3  | Lost mutation: You are agile. (Dex +4, Str/Int -1) [potion
                  | of mutation]
 46720 | Slime:3  | Lost mutation: You sometimes lose your temper in combat.
                  | [potion of mutation]
 46720 | Slime:3  | Gained mutation: You are partially covered in iridescent
                  | scales. (AC +2) [potion of mutation]
 46720 | Slime:3  | Gained mutation: You expend magic power (3 MP) to
                  | strengthen your wands. [potion of mutation]
 46720 | Slime:3  | Gained mutation: You are agile. (Dex +4, Str/Int -1)
                  | [potion of mutation]
 46734 | Slime:5  | Entered Level 5 of the Pits of Slime
 46777 | Slime:5  | Noticed the Royal Jelly
 46786 | Slime:5  | Killed the Royal Jelly
 46907 | Slime:5  | Found the +3 giant club "Skullcrusher" {speed, Str+7}
 46918 | Slime:5  | Got a starry gem with 311 turns to spare
 46920 | Slime:5  | Got a slimy rune of Zot
 46921 | Slime:5  | Identified the +3 buckler of True Grit {Will+ rCorr Slay+4}
 46925 | Slime:5  | Identified the staff of Siykikof {rN+ Dex+3 Stlth+ Conj}
 47387 | Crypt:1  | Entered Level 1 of the Crypt
 47525 | Crypt:2  | Reached skill level 27 in Shields
 47546 | Crypt:2  | Reached skill level 1 in Staves
 47928 | Crypt:3  | Entered Level 3 of the Crypt
 47990 | Crypt:3  | Found an ancient bone altar of Kikubaaqudgha.
 47998 | Crypt:3  | Reached skill level 5 in Staves
 48021 | Crypt:3  | Noticed a dread lich
 48027 | Crypt:3  | Killed a dread lich
 48041 | Crypt:3  | Identified the staff of Past Mistakes {*Corrode Str+5 Hexes
                  | Earth}
 48065 | Crypt:3  | Got an ivory gem with 1124 turns to spare
 48322 | Crypt:3  | Found a staircase to the Tomb.
 49619 | Tomb:1   | Entered Level 1 of the Tomb of the Ancients
 49699 | Tomb:1   | Noticed a royal mummy
 49699 | Tomb:1   | Noticed a royal mummy
 49700 | Tomb:1   | Noticed a royal mummy
 49702 | Tomb:1   | Noticed a royal mummy
 49706 | Tomb:1   | Killed a royal mummy
 49706 | Tomb:1   | Killed a royal mummy
 49706 | Tomb:1   | Noticed a royal mummy
 49708 | Tomb:1   | Noticed a royal mummy
 49708 | Tomb:1   | Noticed a royal mummy
 49708 | Tomb:1   | Killed a royal mummy
 49708 | Tomb:1   | Killed a royal mummy
 49709 | Tomb:1   | Killed a royal mummy
 49710 | Tomb:1   | Killed a royal mummy
 49710 | Tomb:1   | Killed a royal mummy
 49710 | Tomb:1   | Noticed a royal mummy
 49710 | Tomb:1   | Noticed a royal mummy
 49716 | Tomb:1   | Killed a royal mummy
 49716 | Tomb:1   | Killed a royal mummy
 49716 | Tomb:1   | Noticed a royal mummy
 49722 | Tomb:1   | Killed a royal mummy
 49724 | Tomb:1   | Reached skill level 10 in Staves
 49762 | Tomb:1   | Noticed a royal mummy
 49764 | Tomb:1   | Killed a royal mummy
 49785 | Tomb:1   | Noticed a royal mummy
 49792 | Tomb:1   | Killed a royal mummy
 49872 | Tomb:1   | Identified the +4 flail of Trauma {elec, rElec Int+4}
 49872 | Tomb:1   | Noticed a royal mummy
 49877 | Tomb:1   | Killed a royal mummy
 49996 | Tomb:1   | Noticed a royal mummy
 50000 | Tomb:1   | Killed a royal mummy
 50011 | Tomb:1   | Noticed a royal mummy
 50014 | Tomb:1   | Killed a royal mummy
 50121 | Tomb:2   | Identified the +2 robe "Amasuw" {rPois}
 50218 | Tomb:3   | Entered Level 3 of the Tomb of the Ancients
 50236 | Tomb:3   | Noticed a royal mummy
 50239 | Tomb:3   | Killed a royal mummy
 50240 | Tomb:3   | Reached skill level 15 in Evocations
 50240 | Tomb:3   | Noticed a royal mummy
 50241 | Tomb:3   | Noticed a royal mummy
 50242 | Tomb:3   | Noticed a royal mummy
 50242 | Tomb:3   | Noticed a royal mummy
 50243 | Tomb:3   | Killed a royal mummy
 50243 | Tomb:3   | Killed a royal mummy
 50243 | Tomb:3   | Noticed a royal mummy
 50243 | Tomb:3   | Noticed a royal mummy
 50243 | Tomb:3   | Noticed a royal mummy
 50243 | Tomb:3   | Killed a royal mummy
 50244 | Tomb:3   | Killed a royal mummy
 50245 | Tomb:3   | Killed a royal mummy
 50245 | Tomb:3   | Noticed a royal mummy
 50246 | Tomb:3   | Killed a royal mummy
 50247 | Tomb:3   | Killed a royal mummy
 50249 | Tomb:3   | Killed a royal mummy
 50293 | Tomb:3   | Got a sanguine gem with 1113 turns to spare
 50295 | Tomb:3   | Got a golden rune of Zot
 50321 | Tomb:3   | Found the +10 morningstar "Eos" {elec, Halo rElec}
 50339 | Tomb:3   | Identified the +4 scale mail "Sesopp" {-Tele +Inv Dex+5
                  | SInv}
 50366 | Tomb:3   | Identified the +8 short sword of Fragile Peace {elec, *Slow
                  | rPois MP+9 Dex+7}
 50384 | Tomb:3   | Identified the +10 falchion of Gaodghiga {venom, rC+ Dex+3}
 50388 | Tomb:3   | Identified the staff "Iduc" {rC+ Will+ Str+2 Int+3 Ice}
 50389 | Tomb:3   | Identified the +10 sling of the Screaming Pariah {flame,
                  | Int+2 Dex+2}
 50392 | Tomb:3   | Identified the +11 shortbow of Gluttony {speed, rCorr Int+4
                  | Dex+4}
 50408 | Tomb:3   | Identified the staff of the Sky {rN+ Int+3 Conj}
 50409 | Tomb:3   | Identified the +1 great sword "Iluloe" {flame, rC+ Str+6
                  | Dex-2}
 50720 | Tomb:2   | Noticed a royal mummy
 50721 | Tomb:2   | Noticed a royal mummy
 50726 | Tomb:2   | Killed a royal mummy
 50728 | Tomb:2   | Killed a royal mummy
 50730 | Tomb:2   | Noticed a royal mummy
 50731 | Tomb:2   | Noticed a royal mummy
 50733 | Tomb:2   | Killed a royal mummy
 50735 | Tomb:2   | Killed a royal mummy
 50969 | Tomb:1   | Noticed a royal mummy
 50970 | Tomb:1   | Noticed a royal mummy
 50970 | Tomb:1   | Noticed a royal mummy
 50973 | Tomb:1   | Noticed a royal mummy
 50973 | Tomb:1   | Noticed a royal mummy
 50975 | Tomb:1   | Noticed a royal mummy
 50976 | Tomb:1   | Killed a royal mummy
 50976 | Tomb:1   | Killed a royal mummy
 50977 | Tomb:1   | Killed a royal mummy
 50978 | Tomb:1   | Killed a royal mummy
 50979 | Tomb:1   | Killed a royal mummy
 50980 | Tomb:1   | Noticed a royal mummy
 50981 | Tomb:1   | Killed a royal mummy
 50982 | Tomb:1   | Killed a royal mummy
 50983 | Tomb:1   | Reached skill level 15 in Staves
 51287 | Vaults:4 | You paid a toll of 19 potions of curing to enter a treasure
                  | trove
 51288 | Trove    | Entered a treasure trove
 51318 | Trove    | Identified the +0 lajatang "Vaefouk" {spect, Int+3}
 51324 | Trove    | Identified the +0 pair of gloves of the Jumping Gods {-Tele
                  | Str+2 Dex+7 SInv}
 51581 | Pan      | Entered Pandemonium
 51610 | Pan      | Noticed Zukeirin the pandemonium lord
 51615 | Pan      | Entered the realm of Cerebov.
 51759 | Pan      | Found the +6 sword of Cerebov {flame}
 51759 | Pan      | Noticed Cerebov
 51769 | Pan      | Killed Cerebov
 51791 | Pan      | Identified the +6 dire flail "Hosettauh" {venom, Str+3
                  | Int+2 Stlth+}
 51805 | Pan      | Identified the ring of the Past {rC+ rCorr Str+4 Dex-3}
 51819 | Pan      | Identified the ring of Viapixaq {rCorr MP+9 SInv}
 51834 | Pan      | Got a fiery rune of Zot
 51875 | Pan      | Found an exit through the horrors of the Abyss.
 51893 | Pan      | Noticed Woewomu the pandemonium lord
 51894 | Pan      | Gained mutation: Your magical capacity is low. (-10% MP) [a
                  | cacodemon]
 51901 | Pan      | Killed Woewomu the pandemonium lord
 52003 | Pan      | Reached skill level 10 in Hexes
 52006 | Pan      | Noticed Yvazeas the pandemonium lord
 52013 | Pan      | Killed Yvazeas the pandemonium lord
 52086 | Pan      | Noticed Ignacio
 52091 | Pan      | Killed Ignacio
 52130 | Pan      | Noticed Ycaqum the pandemonium lord
 52135 | Pan      | Reached skill level 10 in Alchemy
 52135 | Pan      | Killed Ycaqum the pandemonium lord
 52211 | Pan      | Got a demonic rune of Zot
 52258 | Pan      | Noticed Ymothieh the pandemonium lord
 52268 | Pan      | Killed Ymothieh the pandemonium lord
 52374 | Pan      | Entered the realm of Lom Lobon.
 52468 | Pan      | Noticed Lom Lobon
 52486 | Pan      | Killed Lom Lobon
 52499 | Pan      | Got a magical rune of Zot
 52515 | Pan      | Noticed Mennas
 52524 | Pan      | Killed Mennas
 52552 | Pan      | Entered the realm of Gloorx Vloq.
 52638 | Pan      | Noticed Gloorx Vloq
 52644 | Pan      | Killed Gloorx Vloq
 52650 | Pan      | Got a dark rune of Zot
 52794 | Pan      | Learned a level 9 spell: Chain Lightning
 53033 | Pan      | Entered the realm of Mnoleg.
 53102 | Pan      | Gained mutation: You are weak. (Str -2) [a neqoxec]
 53105 | Pan      | Gained mutation: You have hidden genetic defects. [a
                  | neqoxec]
 53146 | Pan      | Noticed Mnoleg
 53152 | Pan      | Killed Mnoleg
 53152 | Pan      | Gained mutation: You are occasionally teleported next to
                  | monsters. [a cacodemon]
 53162 | Pan      | Gained mutation: Your spells are a little easier to cast,
                  | but a little less powerful. [hidden defects]
 53219 | Pan      | Got a glowing rune of Zot
 53284 | Pan      | Found a burning altar of Makhleb.
 53335 | Pan      | Found an exit through the horrors of the Abyss.
 53405 | Pan      | Lost mutation: You are weak. (Str -2) [potion of mutation]
 53405 | Pan      | Lost mutation: Your magical capacity is low. (-10% MP)
                  | [potion of mutation]
 53405 | Pan      | Lost mutation: You are partially covered in iridescent
                  | scales. (AC +2) [potion of mutation]
 53405 | Pan      | Gained mutation: You have an increased reservoir of magic.
                  | (+10% MP) [potion of mutation]
 53405 | Pan      | Gained mutation: You have large cloven feet. [potion of
                  | mutation]
 53406 | Pan      | Lost mutation: You have hidden genetic defects. [potion of
                  | mutation]
 53406 | Pan      | Lost mutation: Your spells are a little easier to cast, but
                  | a little less powerful. [potion of mutation]
 53406 | Pan      | Gained mutation: You occasionally shout uncontrollably at
                  | your foes. [potion of mutation]
 53406 | Pan      | Gained mutation: You have hidden genetic potential. [potion
                  | of mutation]
 53406 | Pan      | Lost mutation: You have an increased reservoir of magic.
                  | (+10% MP) [potion of mutation]
 53406 | Pan      | Gained mutation: Your spells are a little harder to cast,
                  | but a little more powerful. [potion of mutation]
 53407 | Pan      | Lost mutation: You are occasionally teleported next to
                  | monsters. [potion of mutation]
 53407 | Pan      | Lost mutation: Your spells are a little harder to cast, but
                  | a little more powerful. [potion of mutation]
 53407 | Pan      | Lost mutation: You are agile. (Dex +4, Str/Int -1) [potion
                  | of mutation]
 53407 | Pan      | Lost mutation: You expend magic power (3 MP) to strengthen
                  | your wands. [potion of mutation]
 53407 | Pan      | Gained mutation: You have a pair of small horns on your
                  | head. [potion of mutation]
 53408 | Pan      | Lost mutation: You have large cloven feet. [potion of
                  | mutation]
 53408 | Pan      | Lost mutation: You have a pair of small horns on your head.
                  | [potion of mutation]
 53408 | Pan      | Gained mutation: You sometimes lose your temper in combat.
                  | [potion of mutation]
 53409 | Pan      | Lost mutation: You occasionally shout uncontrollably at
                  | your foes. [potion of mutation]
 53409 | Pan      | Lost mutation: You have hidden genetic potential. [potion
                  | of mutation]
 53410 | Pan      | Lost mutation: You sometimes lose your temper in combat.
                  | [potion of mutation]
 53410 | Pan      | Gained mutation: You occasionally lose the ability to drink
                  | potions when taking damage. [potion of mutation]
 53410 | Pan      | Gained mutation: Your flesh is cold resistant. (rC+)
                  | [potion of mutation]
 53410 | Pan      | Gained mutation: You are frail. (-10% HP) [potion of
                  | mutation]
 53410 | Pan      | Gained mutation: You are partially covered in iridescent
                  | scales. (AC +2) [potion of mutation]
 53411 | Pan      | Lost mutation: You occasionally lose the ability to drink
                  | potions when taking damage. [potion of mutation]
 53411 | Pan      | Lost mutation: You are partially covered in iridescent
                  | scales. (AC +2) [potion of mutation]
 53411 | Pan      | Gained mutation: Your spells are a little harder to cast,
                  | but a little more powerful. [potion of mutation]
 53411 | Pan      | Gained mutation: Your flesh is very cold resistant. (rC++)
                  | [potion of mutation]
 53412 | Pan      | Lost mutation: You are frail. (-10% HP) [potion of
                  | mutation]
 53412 | Pan      | Lost mutation: Your flesh is very cold resistant. (rC++)
                  | [potion of mutation]
 53412 | Pan      | Lost mutation: Your spells are a little harder to cast, but
                  | a little more powerful. [potion of mutation]
 53412 | Pan      | Gained mutation: You have sharp toenails. [potion of
                  | mutation]
 53412 | Pan      | Gained mutation: You possess an exceptional clarity of
                  | mind. [potion of mutation]
 53433 | Pan      | Took an exit into the Abyss.
 53433 | Abyss:1  | Escaped into the Abyss
 53455 | Abyss:2  | Found a roughly hewn altar of Beogh.
 53567 | Abyss:3  | Found a corrupted altar of Lugonu.
 53860 | Abyss:4  | Reached skill level 27 in Conjurations
 53895 | Abyss:4  | Gained mutation: Your body sometimes deteriorates upon
                  | taking damage. [a cacodemon]
 54043 | Abyss:4  | Reached skill level 27 in Fire Magic
 54064 | Abyss:4  | Found a corrupted altar of Lugonu.
 54110 | Abyss:4  | Found a corrupted altar of Lugonu.
 54269 | Abyss:5  | Reached skill level 10 in Air Magic
 54277 | Abyss:5  | Got an abyssal rune of Zot
 54281 | Abyss:5  | Found a corrupted altar of Lugonu.
 54300 | Depths:2 | Escaped the Abyss
 54340 | Depths:2 | Lost mutation: Your flesh is cold resistant. (rC+) [potion
                  | of mutation]
 54340 | Depths:2 | Lost mutation: You possess an exceptional clarity of mind.
                  | [potion of mutation]
 54340 | Depths:2 | Lost mutation: Your body sometimes deteriorates upon taking
                  | damage. [potion of mutation]
 54379 | Hell     | Entered the Vestibule of Hell
 54382 | Hell     | Noticed Geryon
 54393 | Hell     | Killed Geryon
 54473 | Hell     | Found a gateway to the Iron City of Dis.
 54530 | Hell     | Found a gateway to the freezing wastes of Cocytus.
 54641 | Hell     | Found a gateway to the ashen valley of Gehenna.
 54910 | Hell     | Found a gateway to the decaying netherworld of Tartarus.
 54998 | Geh:1    | Entered Level 1 of Gehenna
 55192 | Geh:2    | Noticed a dread lich
 55196 | Geh:2    | Killed a dread lich
 55264 | Geh:3    | Reached skill level 15 in Air Magic
 55740 | Geh:7    | Entered Level 7 of Gehenna
 55940 | Geh:7    | Identified the ring of Roibic Goe {rElec rF+ Stlth+}
 55944 | Geh:7    | Identified the +4 spear of Armageddon {venom, rN+ Int+3}
 55961 | Geh:7    | Found the +13 sceptre of Asmodeus
 55961 | Geh:7    | Noticed Asmodeus
 55977 | Geh:7    | Killed Asmodeus
 56051 | Geh:7    | Got an obsidian rune of Zot
 56158 | Coc:1    | Entered Level 1 of Cocytus
 56750 | Coc:6    | Learned a level 8 spell: Maxwell's Capacitive Coupling
 56751 | Coc:7    | Entered Level 7 of Cocytus
 56825 | Coc:7    | Noticed Antaeus
 56825 | Coc:7    | Paralysed by a wendigo for 1 turns
 56829 | Coc:7    | Reached skill level 1 in Shapeshifting
 56830 | Coc:7    | Killed Antaeus
 56830 | Coc:7    | Paralysed by a wendigo for 1 turns
 56852 | Coc:7    | Paralysed by a wendigo for 1 turns
 56864 | Coc:7    | Got an icy rune of Zot
 56995 | Coc:7    | Reached skill level 10 in Armour
 57097 | Coc:7    | Identified the +7 dagger "Ewewnigota" {antimagic, *Rage
                  | Will+ Str+2 Dex+3}
 57180 | Coc:7    | Identified the +2 swamp dragon scales of Taloerughu {+Blink
                  | rPois rF+}
 57192 | Coc:7    | Identified the +4 long sword "Jixkul" {holy, Str-5 Int+6
                  | Dex+3}
 57237 | Coc:7    | Reached skill level 5 in Shapeshifting
 57306 | Tar:1    | Entered Level 1 of Tartarus
 57944 | Tar:5    | Reached skill level 10 in Shapeshifting
 57958 | Tar:5    | You are sucked into a shaft and drop 1 floor!
 58035 | Tar:7    | Entered Level 7 of Tartarus
 58221 | Tar:7    | Noticed the Serpent of Hell
 58224 | Tar:7    | Killed the Serpent of Hell
 58276 | Tar:7    | Noticed Ereshkigal
 58281 | Tar:7    | Killed Ereshkigal
 58373 | Tar:7    | Identified the amulet "Hutaaff" {rC+ RegenMP+ rCorr}
 58378 | Tar:7    | Found the +0 pair of gloves of the gadgeteer {Gadgeteer
                  | Wandboost ^Fragile}
 58381 | Tar:7    | Got a bone rune of Zot
 58422 | Tar:7    | Reached skill level 15 in Shapeshifting
 58497 | Tar:7    | Identified the +7 war axe of Foiqyenu {elec, Int+3}
 58939 | Dis:1    | Entered Level 1 of the Iron City of Dis
 59462 | Dis:7    | Entered Level 7 of the Iron City of Dis
 59558 | Dis:7    | Identified the amulet "Zuarhupp" {Acrobat rC+}
 59560 | Dis:7    | Gained mutation: You occasionally lose the ability to drink
                  | potions when taking damage. [a cacodemon]
 59567 | Dis:7    | Lost mutation: You have sharp toenails. [potion of
                  | mutation]
 59567 | Dis:7    | Lost mutation: You occasionally lose the ability to drink
                  | potions when taking damage. [potion of mutation]
 59567 | Dis:7    | Gained mutation: You are strong-willed. (Will+) [potion of
                  | mutation]
 59567 | Dis:7    | Gained mutation: You possess an exceptional clarity of
                  | mind. [potion of mutation]
 59570 | Dis:7    | Noticed Dispater
 59579 | Dis:7    | Killed Dispater
 59684 | Dis:7    | Got an iron rune of Zot
 59685 | Dis:7    | Identified the +3 arbalest "Yblav" {drain, rPois Int+6}
 59746 | Dis:7    | Identified the amulet of the Kitsune {rPois rC+ Regen+}
 59819 | Dis:7    | Identified the ring "Wyxan" {rPois Will++ Int+2}
 60111 | Zot:1    | Entered Level 1 of the Realm of Zot
 60303 | Zot:5    | Entered Level 5 of the Realm of Zot
 60345 | Zot:5    | Got a prismatic gem with 762 turns to spare
 61409 | Zot:3    | Found a transporter.
 61418 | Zot:3    | Noticed an ancient lich
 61430 | Zot:3    | Killed an ancient lich
 61436 | Zot:3    | Found a transporter.
 61487 | Zot:3    | Identified the ring "Jess" {rPois rF+ rN+}
 61496 | Zot:3    | Identified the ring of Wunazy {rF++ EV+5}
 61646 | Zot:5    | Noticed an orb of fire
 61649 | Zot:5    | Killed an orb of fire
 61649 | Zot:5    | Noticed an ancient lich
 61651 | Zot:5    | Killed an ancient lich
 61655 | Zot:5    | Noticed a dread lich
 61656 | Zot:5    | Noticed an ancient lich
 61657 | Zot:5    | Killed an ancient lich
 61657 | Zot:5    | Killed a dread lich
 61659 | Zot:5    | Noticed an orb of fire
 61664 | Zot:5    | Noticed a dread lich
 61664 | Zot:5    | Gained mutation: You are frail. (-10% HP) [an orb of fire]
 61665 | Zot:5    | Killed an orb of fire
 61761 | Zot:5    | Lost mutation: You are strong-willed. (Will+) [potion of
                  | mutation]
 61761 | Zot:5    | Lost mutation: You are frail. (-10% HP) [potion of
                  | mutation]
 61761 | Zot:5    | Gained mutation: You are weak. (Str -2) [potion of
                  | mutation]
 61761 | Zot:5    | Gained mutation: You occasionally shout uncontrollably at
                  | your foes. [potion of mutation]
 61761 | Zot:5    | Gained mutation: You are partially covered in iridescent
                  | scales. (AC +2) [potion of mutation]
 61941 | Zot:5    | Noticed an ancient lich
 61942 | Zot:5    | Killed an ancient lich
 61950 | Zot:5    | Noticed an orb of fire
 61956 | Zot:5    | Killed an orb of fire
 61959 | Zot:5    | Killed a dread lich
 61968 | Zot:5    | Noticed a dread lich
 61970 | Zot:5    | Killed a dread lich
 62005 | Zot:5    | Noticed an ancient lich
 62007 | Zot:5    | Killed an ancient lich
 62029 | Zot:5    | Noticed a dread lich
 62033 | Zot:5    | Killed a dread lich
 62076 | Zot:5    | Got the Orb of Zot
 62294 | Depths:3 | Noticed Qaempug the pandemonium lord
 62298 | Depths:3 | Killed Qaempug the pandemonium lord
 62584 | D:4      | Noticed Decweab the pandemonium lord
 62593 | D:4      | Killed Decweab the pandemonium lord
 62667 | D:$      | Escaped with the Orb!

Illustrated notes

Levels and vault maps discovered:
D:1:      heliophobic_arrival_ceremonial_halls, layout_basic
D:2:      layout_rooms, minmay_split_cup_large
D:3:      layout_loops_ring, mainiacjoe_overflow_paths, serial_shops, shop
D:4:      layout_basic, serial_forest, infiniplex_forest_clump_diagonal,
          infiniplex_forest_lined_1, infiniplex_forest_lined_room_,
          infiniplex_forest_clump_tiny, infiniplex_forest_lined_room_3,
          infiniplex_forest_end_2, uniq_eustachio, uniq_grinder
D:5:      layout_gridville, nicolae_concentric_dashed_squares_mild,
          corexii_hall_statues_t
D:6:      layout_loops_ring, minmay_temple_entry_mini_moons, serial_shops,
          nicolae_shop_hallway_plus, nicolae_shop_industrial_runoff, shop,
          nicolae_shop_scrapyard, portal_sewer_entry_f, lemuel_flame_loot_1
D:7:      layout_loops_ring, nicolae_custom_books, minmay_misc_feat_hallway
D:8:      cheibrodos_fzero, layout_basic, grunt_lair_entry_orc_guard_hut,
          chequers_serial_rivers_large_b, uniq_prince_ribbit1
D:9:      layout_loops_ring
D:10:     layout_long_grid, hiddenorc1_lemuel
D:11:     layout_roguey, nicolae_have_a_lightning_rod
D:12:     layout_roguey, uniq_erolcha, uniq_rupert, uniq_jorgrun
D:13:     layout_long_grid, grunt_vaults_entry_tiered, serial_shops, shop,
          portal_ice_cave_entry_pillars_1
D:14:     layout_basic, ashenzari_altar_1, gammafunk_ghost_berserking_beasts,
          minmay_misc_feat_nine_boxes
D:15:     grunt_enter_depths_snipers, layout_loops_ring,
          ebering_ghost_funeral_grove, nicolae_uskayaw_dance_hall,
          minmay_quadrilaterals
Temple:   mainiacjoe_temple_circle_huts
Lair:1:   layout_regular_city, nzn_masters_of_martial_movement, uniq_fannar
Lair:2:   layout_cave_shapes, minmay_shoals_entry_beasts,
          infiniplex_staircase_pool
Lair:3:   layout_regular_city, minmay_snake_entry_guardpost_small,
          grunt_megastairs_3, infiniplex_staircase_pool_2
Lair:4:   layout_roguey, slime_entry_1
Lair:5:   evilmike_catoblepas_cave, layout_gridlike
Shoals:1: layout_shoals, nicolae_shoals_the_drawing_of_the_three
Shoals:2: layout_shoals, nicolae_shoals_bring_sunscreen, uniq_ilsuiw,
          uniq_donald, uniq_roxanne
Shoals:3: layout_shoals, nicolae_shoals_beach_cooler, uniq_nikola
Shoals:4: shoals_end_hellmonk_storm_palace [storm_palace_center_ruins,
          storm_palace_corner_grid, storm_palace_corner_altar,
          storm_palace_corner_altar, storm_palace_corner_blocked]
Snake:1:  layout_misc_corridors, minmay_shop_grove
Snake:2:  onia_ninara_swampy_vault, layout_cave_town, uniq_aizul
Snake:3:  layout_misc_corridors, grunt_ministairs_10
Snake:4:  snake_pit, layout_layer_cave, grunt_megastairs_4
Slime:1:  layout_caves
Slime:2:  layout_caves, dissolution_awaits
Slime:3:  layout_caves
Slime:4:  layout_caves, nicolae_slime_getting_an_eyeful
Slime:5:  slime_pit_nicolae_trefoil
Orc:1:    layout_diamond_mine, serial_shops, shop, shop,
          nicolae_shop_temple_entry_statues_fountains
Orc:2:    grunt_orc_tribal_feast, layout_caves, gauntlet_entry_generic,
          nicolae_volcano_entry_two_sided, bh_open_orc_temple, uniq_maurice
Elf:1:    eino_elf_arrival_shootout, layout_onion_city, nicolae_elf_altarnating
Elf:2:    nicolae_elf_blades_crystal_corner, layout_geoelf_grid, serial_shops,
          nicolae_shop_overgrown_old_shop, minmay_shop_enchanted_jewellery
Elf:3:    grunt_elf_hall_asides, layout_loops_corners, minmay_fountain_box,
          uniq_louise
Vaults:1: st_eye, nicolae_vaults_wine_cellar, v_rooms_3, lightli_orcish_oven,
          nicolae_vaults_big_angled_halls, hangedman_vaults_stagger,
          grunt_vaults_funnel, nicolae_vaults_closet_pinwheel_2,
          layout_vaults_ring, uniq_asterion
Vaults:2: vaults_room_hallway, vaults_room_hangedman_quadrants,
          minmay_crypt_entry_necro_gods, nicolae_vaults_puzzle_piece,
          nicolae_vaults_specimen_jars, v_misc_15,
          nicolae_vaults_windows_and_doors_thing, v_misc_16,
          nicolae_vaults_closet_pinwheel_1, hangedman_vaults_cutoff,
          nicolae_vaults_closet_pinwheel_1, nicolae_vaults_diamond_2, v_misc_29,
          layout_vaults_omnicross, serial_shops,
          nicolae_shop_pleasant_corner_grove
Vaults:3: nicolae_vaults_prndl, v_misc_30, nicolae_vaults_house_1,
          nicolae_vaults_apartment_2, nicolae_vaults_angled_halls,
          nicolae_vaults_closet_pinwheel_1, vaults_dpeg_ring,
          nicolae_vaults_puzzle_piece, nicolae_vaults_closet_pinwheel_5,
          nicolae_vaults_sesquioval_fish, nicolae_vaults_puzzle_piece,
          vaults_room_semicircle, layout_vaults_maze
Vaults:4: v_pattern_4, nicolae_vaults_cornered_office,
          nicolae_vaults_holding_cells, ontoclasm_vaults_decontamination,
          ontoclasm_vaults_shuriken, v_misc_10, vaults_dpeg_doors,
          nicolae_vaults_asterisk, nicolae_vaults_storage_room_water,
          nicolae_vaults_trapezoid_lopsided_3, nicolae_vaults_tetromino_Z_1,
          layout_vaults_chaotic_city, nicolae_trove_entry_free_sample,
          uniq_saint_roka
Vaults:5
Crypt:1:  layout_basic
Crypt:2:  layout_chaotic_city, hellmonk_scarab_ruin, grunt_megastairs_5
Crypt:3:  evilmike_haunted_forest
Tomb:1
Tomb:2
Tomb:3
Depths:1: layout_long_grid, lemuel_round_altar, grunt_metal_band,
          lightli_giant_bouncers
Depths:2: minmay_bloctagon_deflated, layout_honeycomb, grunt_pan_entry_sceptre,
          hell_entry, grunt_decor_arrowhead, grunt_decor_one_mirror,
          serial_library_hellmonk_semicircle, kennysheep_cluttered_room
Depths:3: evilmike_wizard_prison, layout_gridlike, abyss_entry_flame_altar,
          hangedman_coc_ice_floe, nicolae_lava_and_water, serial_shops,
          nicolae_shop_rolling_square, shop, nicolae_shop_tiny_statue_garden,
          minmay_staircase_bubble, minmay_shop_star, serial_bayou_shore_b
Depths:4: evilmike_zot_entry_hall, layout_twisted_cross, enter_ziggurat_f,
          hangedman_decor_growths, hell_entry, abyss_entry,
          grunt_dithmenos_smoke_and_mirrors, uniq_parghit
Hell
Dis:1:    layout_subdivisions
Dis:2:    layout_subdivisions
Dis:3:    layout_subdivisions
Dis:4:    layout_jigsaw
Dis:5:    layout_subdivisions
Dis:6:    layout_overlapping_boxes
Dis:7:    iron_city_of_dis [dis_grunt, dis_wall_6], layout_gridville,
          nicolae_dis_big_boring_drill
Geh:1:    layout_gehenna_lava_caves
Geh:2:    layout_gehenna_lava_caves
Geh:3:    layout_gehenna_pools_triple
Geh:4:    layout_gehenna_lava_caves
Geh:5:    layout_gehenna_pools_triple
Geh:6:    layout_gehenna_lava_caves, nicolae_geh_single_fiery_grave
Geh:7:    geh_grunt
Coc:1:    layout_cocytus_delve
Coc:2:    layout_cocytus_water_paths
Coc:3:    layout_ice_bergs
Coc:4:    layout_ice_bergs
Coc:5:    layout_cocytus_delve, nicolae_hells_hurtin_island
Coc:6:    layout_cocytus_delve
Coc:7:    coc_hangedman
Tar:1:    layout_grid_maze
Tar:2:    nicolae_hells_titanomachy
Tar:3:    layout_catacombs, nicolae_tar_grid_combs
Tar:4:    layout_honeycomb, nicolae_tar_cuneiform_two
Tar:5:    layout_grid_maze
Tar:6:    nicolae_hells_demon_pit, layout_cathedral_of_symmetry
Tar:7:    tar_minmay_river
Zot:1:    nicolae_zot_draconian_monastery, layout_twisted_circle,
          regret_index_zotdec_wing_it, uniq_josephina
Zot:2:    layout_cathedral_of_symmetry, hangedman_zot_decor_slant
Zot:3:    gammafunk_dig_for_victory, layout_gridlike
Zot:4:    layout_onion_interference, grunt_ministairs_11
Zot:5:    layout_basic

Skill      XL: |  1  2  3  4  5  6  7  8  9 10 11 12 13 14 15 16 17 18 19 20 21 22 23 24 25 26 27 |
---------------+----------------------------------------------------------------------------------+-----
Earth Magic    | 4 5 6 7 8 9 10 13 15 16 19 22 25 27 | 27.0
Conjurations   | 2 3 4 27 | 27.0
Stealth        | 3 5 7 9 18 | 18.0
Fighting       | 3 4 5 6 8 10 11 13 15 16 17 19 20 27 | 27.0
Dodging        | 2 4 5 7 9 10 18 | 18.0
Spellcasting   | 3 4 5 6 8 9 10 14 15 17 18 20 27 | 27.0
Alchemy        | 2 4 5 6 10 | 10.0
Invocations    | 3 8 9 10 12 15 | 15.0
Ice Magic      | 3 8 10 13 14 19 27 | 27.0
Armour         | 3 5 11 | 11.7
Air Magic      | 3 5 21 | 21.3
Evocations     | 3 10 18 | 18.0
Hexes          | 10 | 10.0
Shields        | 27 | 27.0
Translocations | 9 |  9.0
Fire Magic     | 27 | 27.0
Staves         | 15 | 15.0
Shapeshifting  | 23 | 23.9

Action                     |  1- 3 |  4- 6 |  7- 9 | 10-12 | 13-15 | 16-18 | 19-21 | 22-24 | 25-27 || total
---------------------------+-------+-------+-------+-------+-------+-------+-------+-------+-------++-------
  Melee: Unarmed           |     9 |       |       |       |       |       |       |       |       ||     9
         Dagger            |    10 |       |       |       |       |       |       |       |       ||    10
         Short sword       |     4 |    14 |       |       |       |       |       |       |       ||    18
         Mace              |       |     2 |     1 |       |       |       |       |       |       ||     3
         Morningstar       |       |       |     5 |    29 |    28 |       |       |       |       ||    62
         Staff             |       |       |       |       |    20 |    10 |    22 |     1 |   252 ||   305
  Throw: Dart              |       |       |       |       |     2 |       |       |       |       ||     2
         Throwing net      |       |       |       |       |       |       |       |       |     2 ||     2
   Cast: Sandblast         |    50 |    48 |   106 |   175 |   184 |   118 |    15 |     2 |       ||   698
         Passwall          |       |     1 |    29 |       |     1 |       |       |     2 |       ||    33
         Stone Arrow       |       |       |    21 |    21 |    71 |    24 |       |       |       ||   137
         Lee's Rapid Decon |       |       |     1 |     9 |    42 |    89 |     9 |    17 |     4 ||   171
         Leda's Liquefacti |       |       |     1 |     7 |    21 |     2 |     2 |       |     4 ||    37
         Olgreb's Toxic Ra |       |       |       |    25 |    91 |     1 |       |       |       ||   117
         Petrify           |       |       |       |     1 |     3 |     1 |       |       |       ||     5
         Permafrost Erupti |       |       |       |       |    75 |   190 |   113 |   131 |   241 ||   750
         Shatter           |       |       |       |       |       |    13 |   139 |   114 |   974 ||  1240
         Bombard           |       |       |       |       |       |     4 |    44 |    42 |    23 ||   113
         Seismic Cannonade |       |       |       |       |       |     2 |     2 |       |       ||     4
         Magnavolt         |       |       |       |       |       |       |    50 |   113 |    11 ||   174
         Blink             |       |       |       |       |       |       |     1 |     2 |    12 ||    15
         Yara's Violent Un |       |       |       |       |       |       |       |       |    19 ||    19
         Polar Vortex      |       |       |       |       |       |       |       |       |   211 ||   211
         Fire Storm        |       |       |       |       |       |       |       |       |   147 ||   147
         Chain Lightning   |       |       |       |       |       |       |       |       |   117 ||   117
         Lehudib's Crystal |       |       |       |       |       |       |       |       |   113 ||   113
         Fulsome Fusillade |       |       |       |       |       |       |       |       |    25 ||    25
         Passage of Golubr |       |       |       |       |       |       |       |       |    13 ||    13
         Gell's Gavotte    |       |       |       |       |       |       |       |       |     8 ||     8
         Death's Door      |       |       |       |       |       |       |       |       |     8 ||     8
         Maxwell's Capacit |       |       |       |       |       |       |       |       |     5 ||     5
         Ozocubu's Armour  |       |       |       |       |       |       |       |       |     4 ||     4
 Invoke: Channel Magic     |       |       |       |       |     9 |    17 |     7 |    14 |    70 ||   117
         Divine Exegesis   |       |       |       |       |       |       |       |       |     8 ||     8
  Evoke: Wand              |       |       |    15 |    10 |     5 |    18 |     1 |       |    24 ||    73
         Lightning rod     |       |       |       |       |       |     8 |       |       |       ||     8
         Sack of spiders   |       |       |       |       |       |       |       |     2 |     3 ||     5
         Gell's gravitambo |       |       |       |       |       |       |       |     1 |    10 ||    11
         Figurine of a zig |       |       |       |       |       |       |       |       |     1 ||     1
         Phantom mirror    |       |       |       |       |       |       |       |       |     1 ||     1
    Use: Scroll            |       |     4 |     8 |     1 |    20 |     9 |     2 |     9 |    50 ||   103
         Potion            |       |       |     1 |     1 |     7 |     1 |     2 |    13 |    83 ||   108
   Stab: Sleeping          |     1 |       |     1 |       |       |       |       |       |     3 ||     5
         Petrified         |       |       |       |     2 |       |       |       |       |       ||     2
 Armour: Robe              |    30 |    19 |    29 |       |       |       |    84 |   146 |   775 ||  1083
         Steam dragon scal |       |       |    79 |   169 |   291 |       |       |       |       ||   539
         Troll leather arm |       |       |       |       |   109 |   409 |    52 |       |       ||   570
         Skin              |       |       |       |       |       |       |       |       |    25 ||    25
  Dodge: Dodged            |    29 |    20 |    81 |    81 |   227 |   148 |    40 |    59 |   366 ||  1051
         Repelled          |       |       |       |       |       |       |       |     9 |   135 ||   144
  Block: Tower shield      |       |       |       |       |       |       |       |       |   859 ||   859
         Reflection        |       |       |       |       |       |       |       |       |    44 ||    44
   Form: Death             |       |       |       |       |       |       |       |       |     1 ||     1

Table legend: (Time is in decaauts)
 A = Elapsed time spent in this place.
 B = Non-inter-level travel time spent in this place.
 C = Inter-level travel time spent in this place.
 D = Time resting spent in this place.
 E = Time spent auto-exploring this place.
 F = Levels seen in this place.
 G = Mean time per level.
                   A        B        C        D        E       F      G
               +--------+--------+--------+--------+--------+-----+--------+
         Total |  63173 |  58057 |   5116 |   5288 |  29181 | 164 |  385.2 |
       Dungeon |  14018 |  12122 |   1896 |    507 |   7624 |  15 |  934.5 |
        Temple |     25 |     14 |     11 |      0 |      0 |   1 |   25.0 |
          Lair |   5623 |   5195 |    428 |   1005 |   2664 |   5 | 1124.6 |
        Shoals |   2800 |   2688 |    112 |    305 |   1210 |   4 |  700.0 |
     Snake Pit |   4049 |   3876 |    173 |    392 |   2543 |   4 | 1012.2 |
    Slime Pits |    471 |    445 |     26 |      3 |     88 |   5 |   94.2 |
  Orcish Mines |   1742 |   1452 |    290 |    165 |    754 |   2 |  871.0 |
   Elven Halls |   3284 |   3017 |    267 |      5 |   2364 |   3 | 1094.7 |
        Vaults |   6646 |   6120 |    526 |    331 |   4466 |   5 | 1329.2 |
         Crypt |   2323 |   2064 |    259 |      0 |   1375 |   3 |  774.3 |
          Tomb |   1516 |   1514 |      2 |    155 |    421 |   3 |  505.3 |
        Depths |   4252 |   3733 |    519 |    236 |   2276 |   4 | 1063.0 |
          Hell |    755 |    647 |    108 |     25 |    337 |   1 |  755.0 |
           Dis |    953 |    927 |     26 |    185 |    154 |   7 |  136.1 |
       Gehenna |   1107 |   1092 |     15 |    185 |    323 |   7 |  158.1 |
       Cocytus |   1114 |   1114 |      0 |    153 |    294 |   7 |  159.1 |
      Tartarus |   1545 |   1268 |    277 |    369 |    190 |   7 |  220.7 |
           Zot |   2115 |   1938 |    177 |    142 |   1013 |   5 |  423.0 |
         Abyss |    859 |    859 |      0 |     58 |    397 |   5 |  171.8 |
   Pandemonium |   1807 |   1807 |      0 |    151 |    104 |  12 |  150.6 |
      Ziggurat |   5022 |   5022 |      0 |    810 |    158 |  54 |   93.0 |
         Trove |     63 |     63 |      0 |      0 |     35 |   1 |   63.0 |
         Sewer |    143 |    143 |      0 |      5 |     26 |   1 |  143.0 |
      Ice Cave |    370 |    370 |      0 |     52 |    172 |   1 |  370.0 |
       Volcano |    154 |    154 |      0 |      0 |      0 |   1 |  154.0 |
      Gauntlet |    405 |    405 |      0 |     47 |    192 |   1 |  405.0 |
               +--------+--------+--------+--------+--------+-----+--------+

Top non-repeatable levels by time:
  Lair:5: 1602 daAuts
Vaults:4: 1560 daAuts
 Snake:4: 1499 daAuts
Depths:3: 1401 daAuts
Vaults:1: 1395 daAuts
Vaults:2: 1369 daAuts
 Crypt:3: 1350 daAuts
    D:15: 1338 daAuts
   Elf:3: 1308 daAuts
Vaults:5: 1273 daAuts
     D:8: 1206 daAuts
  Lair:1: 1114 daAuts
    D:14: 1093 daAuts
Depths:4: 1080 daAuts
 Snake:2: 1053 daAuts
